Workbook

Sheet Orçamento Modelo
F2: INSERIR
F3: DADOS
Q6: EDITAR APENAS CÉLULAS EM AZUL
A7: PLANILHA ORÇAMENTÁRIA - PROPOSTA
P8: * UTILIZAR VALORES COM 2 CASAS DECIMAIS APÓS A VÍRGULA
A9: OBRA: PAVIMENTAÇÃO COM BLOCOS INTERTRAVADOS DE CONCRETO | J9: MODALIDADE N°: | L9: XXX/ XX
A10: END: ZONA URBANA, NOVA ESPERANÇA DO SUL/RS
A11: BDI : | B11: 0.2204 | J11: DATA:
A12: BDI DIF.: | B12: 0.14
A14: ITEM | B14: REF. | C14: COD. | D14: DESCRIÇÃO | H14: UNIDADE | I14: QUANT. | J14: VALOR UNIT. | K14: VALOR UNIT. +BDI | L14: TOTAL | M14: TOTAL + BDI | N14: BDI
A15: 1.0 | D15: ='[2]Orçamento COM PVS'!$D$15 -> RUA DALTRO LUIZ TUZI | L15: =L16+L18+L24 -> 0 | M15: =M16+M18+M24 -> 0
A16: 1.1 | D16: ='[2]Orçamento COM PVS'!$D$16 -> SERVIÇOS PRELIMINARES | L16: =SUM(L17:L17) -> 0 | M16: =SUM(M17:M17) -> 0
A17: 1.1.1 | B17: ='[2]Orçamento COM PVS'!$B$17 -> SINAPI | C17: ='[2]Orçamento COM PVS'!$C$17 -> 99064 | D17: ='[2]Orçamento COM PVS'!$D$17 -> LOCAÇÃO DE PAVIMENTAÇÃO. AF_10/2018 | H17: ='[2]Orçamento COM PVS'!$H$17 -> M | I17: ='[2]Orçamento COM PVS'!$I$17 -> 177 | K17: =ROUND(J17*(1+N17),2) -> 0 | L17: =ROUND(J17*I17,2) -> 0 | M17: =ROUND(I17*K17,2) -> 0 | N17: 0.2204
A18: 1.2 | D18: ='[2]Orçamento COM PVS'!$D$18 -> DRENAGEM PLUVIAL | L18: =SUM(L19:L23) -> 0 | M18: =SUM(M19:M23) -> 0
A19: 1.2.1 | B19: ='[2]Orçamento COM PVS'!$B$19 -> SINAPI | C19: ='[2]Orçamento COM PVS'!$C$19 -> 90105 | D19: ='[2]Orçamento COM PVS'!$D$19:$G$19 -> ESCAVAÇÃO MECANIZADA DE VALA COM PROFUNDIDADE ATÉ 1,5 M (MÉDIA MONTANTE E JUSANTE/UMA COMPOSIÇÃO POR TRECHO), RETROESCAV. (0,26 M3), LARGURA MENOR QUE 0,8 M, EM SOLO DE 1A CATEGORIA, LOCAIS COM BAIXO NÍVEL DE INTERFERÊNCIA. AF_02/2021 | H19: ='[2]Orçamento COM PVS'!$H$19 -> M3 | I19: ='[2]Orçamento COM PVS'!$I$19 -> 473 | K19: =ROUND(J19*(1+N19),2) -> 0 | L19: =ROUND(J19*I19,2) -> 0 | M19: =ROUND(I19*K19,2) -> 0 | N19: 0.2204
A20: 1.2.2 | B20: ='[2]Orçamento COM PVS'!$B$20 -> SINAPI | C20: ='[2]Orçamento COM PVS'!$C$20 -> 95568 | D20: ='[2]Orçamento COM PVS'!$D$20:$G$20 -> TUBO DE CONCRETO (SIMPLES) PARA REDES COLETORAS DE ÁGUAS PLUVIAIS, DIÂMETRO DE 400 MM, JUNTA RÍGIDA, INSTALADO EM LOCAL COM BAIXO NÍVEL DE INTERFERÊNCIAS - FORNECIMENTO E ASSENTAMENTO. AF_12/2015 | H20: ='[2]Orçamento COM PVS'!$H$20 -> M | I20: ='[2]Orçamento COM PVS'!$I$20 -> 30 | K20: =ROUND(J20*(1+N20),2) -> 0 | L20: =ROUND(J20*I20,2) -> 0 | M20: =ROUND(I20*K20,2) -> 0 | N20: 0.2204
A21: 1.2.3 | B21: ='[2]Orçamento COM PVS'!$B$21 -> SINAPI | C21: ='[2]Orçamento COM PVS'!$C$21 -> 92212 | D21: ='[2]Orçamento COM PVS'!$D$21:$G$21 -> TUBO DE CONCRETO PARA REDES COLETORAS DE ÁGUAS PLUVIAIS, DIÂMETRO DE 600 MM, JUNTA RÍGIDA, INSTALADO EM LOCAL COM BAIXO NÍVEL DE INTERFERÊNCIAS - FORNECIMENTO E ASSENTAMENTO. AF_12/2015 | H21: ='[2]Orçamento COM PVS'!$H$21 -> M | I21: ='[2]Orçamento COM PVS'!$I$21 -> 273 | K21: =ROUND(J21*(1+N21),2) -> 0 | L21: =ROUND(J21*I21,2) -> 0 | M21: =ROUND(I21*K21,2) -> 0 | N21: 0.2204
A22: 1.2.4 | B22: ='[2]Orçamento COM PVS'!$B$22 -> COMP. | C22: ='[2]Orçamento COM PVS'!$C$22 -> 1 | D22: ='[2]Orçamento COM PVS'!$D$22:$G$22 -> CX. PARA BOCA DE LOBO EM ALVENARIA DE BLOCOS DE CONCRETO 0,8X0,8X1,5m (DIM. INTERNA) | H22: ='[2]Orçamento COM PVS'!$H$22 -> UNID. | I22: ='[2]Orçamento COM PVS'!$I$22 -> 9 | K22: =ROUND(J22*(1+N22),2) -> 0 | L22: =ROUND(J22*I22,2) -> 0 | M22: =ROUND(I22*K22,2) -> 0 | N22: 0.2204
A23: 1.2.5 | B23: ='[2]Orçamento COM PVS'!$B$23 -> SINAPI | C23: ='[2]Orçamento COM PVS'!$C$23 -> 93382 | D23: ='[2]Orçamento COM PVS'!$D$23:$G$23 -> REATERRO MANUAL DE VALAS, COM COMPACTADOR DE SOLOS DE PERCUSSÃO. AF_08/2023 | H23: ='[2]Orçamento COM PVS'!$H$23 -> M3 | I23: ='[2]Orçamento COM PVS'!$I$23 -> 216 | K23: =ROUND(J23*(1+N23),2) -> 0 | L23: =ROUND(J23*I23,2) -> 0 | M23: =ROUND(I23*K23,2) -> 0 | N23: 0.2204
A24: 1.3 | D24: ='[2]Orçamento COM PVS'!$D$24:$L$24 -> PAVIMENTAÇÃO | L24: =SUM(L25:L26) -> 0 | M24: =SUM(M25:M26) -> 0
A25: 1.3.1 | B25: ='[2]Orçamento COM PVS'!$B$25 -> COMP. | C25: ='[2]Orçamento COM PVS'!$C$25 -> 3 | D25: ='[2]Orçamento COM PVS'!$D$25:$G$25 -> EXECUÇÃO DE VIA EM PISO INTERTRAVADO, COM BLOCO 16 FACES DE 22X11 CM, ESPESSURA DE 8 CM. AF_10/2022 | H25: ='[2]Orçamento COM PVS'!$H$25 -> M2 | I25: ='[2]Orçamento COM PVS'!$I$25 -> 1770 | K25: =ROUND(J25*(1+N25),2) -> 0 | L25: =ROUND(J25*I25,2) -> 0 | M25: =ROUND(I25*K25,2) -> 0 | N25: 0.2204
A26: 1.3.2 | B26: ='[2]Orçamento COM PVS'!$B$26 -> SINAPI | C26: ='[2]Orçamento COM PVS'!$C$26 -> 94273 | D26: ='[2]Orçamento COM PVS'!$D$26:$G$26 -> ASSENTAMENTO DE GUIA (MEIO-FIO) EM TRECHO RETO, CONFECCIONADA EM CONCRETO PRÉ-FABRICADO, DIMENSÕES 100X15X13X30 CM (COMPRIMENTO X BASE INFERIOR X BASE SUPERIOR X ALTURA), PARA VIAS URBANAS (USO VIÁRIO). AF_06/2016 | H26: ='[2]Orçamento COM PVS'!$H$26 -> M | I26: ='[2]Orçamento COM PVS'!$I$26 -> 327 | K26: =ROUND(J26*(1+N26),2) -> 0 | L26: =ROUND(J26*I26,2) -> 0 | M26: =ROUND(I26*K26,2) -> 0 | N26: 0.2204
A27: 2.0 | D27: ='[2]Orçamento COM PVS'!$D$27:$L$27 -> RUA ANITA TOCHETTO FRIZZO | L27: =L28+L30+L35 -> 0 | M27: =M28+M30+M35 -> 0
A28: 2.1 | D28: ='[2]Orçamento COM PVS'!$D$28:$L$28 -> SERVIÇOS PRELIMINARES | L28: =SUM(L29) -> 0 | M28: =SUM(M29) -> 0
A29: 2.1.1 | B29: ='[2]Orçamento COM PVS'!$B$29 -> SINAPI | C29: ='[2]Orçamento COM PVS'!$C$29 -> 99064 | D29: ='[2]Orçamento COM PVS'!$D$29:$G$29 -> LOCAÇÃO DE PAVIMENTAÇÃO. AF_10/2018 | H29: ='[2]Orçamento COM PVS'!$H$29 -> M | I29: ='[2]Orçamento COM PVS'!$I$29 -> 96 | K29: =ROUND(J29*(1+N29),2) -> 0 | L29: =ROUND(J29*I29,2) -> 0 | M29: =ROUND(I29*K29,2) -> 0 | N29: 0.2204
A30: 2.2 | D30: ='[2]Orçamento COM PVS'!$D$30:$L$30 -> DRENAGEM PLUVIAL | L30: =SUM(L31:L34) -> 0 | M30: =SUM(M31:M34) -> 0
A31: 2.2.1 | B31: ='[2]Orçamento COM PVS'!$B$31 -> SINAPI | C31: ='[2]Orçamento COM PVS'!$C$31 -> 90105 | D31: ='[2]Orçamento COM PVS'!$D$31:$G$31 -> ESCAVAÇÃO MECANIZADA DE VALA COM PROFUNDIDADE ATÉ 1,5 M (MÉDIA MONTANTE E JUSANTE/UMA COMPOSIÇÃO POR TRECHO), RETROESCAV. (0,26 M3), LARGURA MENOR QUE 0,8 M, EM SOLO DE 1A CATEGORIA, LOCAIS COM BAIXO NÍVEL DE INTERFERÊNCIA. AF_02/2021 | H31: ='[2]Orçamento COM PVS'!$H$31 -> M3 | I31: ='[2]Orçamento COM PVS'!$I$31 -> 103.744 | K31: =ROUND(J31*(1+N31),2) -> 0 | L31: =ROUND(J31*I31,2) -> 0 | M31: =ROUND(I31*K31,2) -> 0 | N31: 0.2204
A32: 2.2.2 | B32: ='[2]Orçamento COM PVS'!$B$32 -> SINAPI | C32: ='[2]Orçamento COM PVS'!$C$32 -> 95568 | D32: ='[2]Orçamento COM PVS'!$D$32:$G$32 -> TUBO DE CONCRETO (SIMPLES) PARA REDES COLETORAS DE ÁGUAS PLUVIAIS, DIÂMETRO DE 400 MM, JUNTA RÍGIDA, INSTALADO EM LOCAL COM BAIXO NÍVEL DE INTERFERÊNCIAS - FORNECIMENTO E ASSENTAMENTO. AF_12/2015 | H32: ='[2]Orçamento COM PVS'!$H$32 -> M | I32: ='[2]Orçamento COM PVS'!$I$32 -> 64 | K32: =ROUND(J32*(1+N32),2) -> 0 | L32: =ROUND(J32*I32,2) -> 0 | M32: =ROUND(I32*K32,2) -> 0 | N32: 0.2204
A33: 2.2.3 | B33: ='[2]Orçamento COM PVS'!$B$33 -> COMP. | C33: ='[2]Orçamento COM PVS'!$C$33 -> 1 | D33: ='[2]Orçamento COM PVS'!$D$33:$G$33 -> CX. PARA BOCA DE LOBO EM ALVENARIA DE BLOCOS DE CONCRETO 0,8X0,8X1,5m (DIM. INTERNA) | H33: ='[2]Orçamento COM PVS'!$H$33 -> UNID. | I33: ='[2]Orçamento COM PVS'!$I$33 -> 4 | K33: =ROUND(J33*(1+N33),2) -> 0 | L33: =ROUND(J33*I33,2) -> 0 | M33: =ROUND(I33*K33,2) -> 0 | N33: 0.2204
A34: 2.2.4 | B34: ='[2]Orçamento COM PVS'!$B$34 -> SINAPI | C34: ='[2]Orçamento COM PVS'!$C$34 -> 93382 | D34: ='[2]Orçamento COM PVS'!$D$34:$G$34 -> REATERRO MANUAL DE VALAS, COM COMPACTADOR DE SOLOS DE PERCUSSÃO. AF_08/2023 | H34: ='[2]Orçamento COM PVS'!$H$34 -> M3 | I34: ='[2]Orçamento COM PVS'!$I$34 -> 46.4 | K34: =ROUND(J34*(1+N34),2) -> 0 | L34: =ROUND(J34*I34,2) -> 0 | M34: =ROUND(I34*K34,2) -> 0 | N34: 0.2204
A35: 2.3 | D35: ='[2]Orçamento COM PVS'!$D$35:$L$35 -> PAVIMENTAÇÃO | L35: =SUM(L36:L37) -> 0 | M35: =SUM(M36:M37) -> 0
A36: 2.3.1 | B36: ='[2]Orçamento COM PVS'!$B$36 -> COMP. | C36: ='[2]Orçamento COM PVS'!$C$36 -> 3 | D36: ='[2]Orçamento COM PVS'!$D$36:$G$36 -> EXECUÇÃO DE VIA EM PISO INTERTRAVADO, COM BLOCO 16 FACES DE 22X11 CM, ESPESSURA DE 8 CM. AF_10/2022 | H36: ='[2]Orçamento COM PVS'!$H$36 -> M2 | I36: ='[2]Orçamento COM PVS'!$I$36 -> 864 | K36: =ROUND(J36*(1+N36),2) -> 0 | L36: =ROUND(J36*I36,2) -> 0 | M36: =ROUND(I36*K36,2) -> 0 | N36: 0.2204
A37: 2.3.2 | B37: ='[2]Orçamento COM PVS'!$B$37 -> SINAPI | C37: ='[2]Orçamento COM PVS'!$C$37 -> 94273 | D37: ='[2]Orçamento COM PVS'!$D$37:$G$37 -> ASSENTAMENTO DE GUIA (MEIO-FIO) EM TRECHO RETO, CONFECCIONADA EM CONCRETO PRÉ-FABRICADO, DIMENSÕES 100X15X13X30 CM (COMPRIMENTO X BASE INFERIOR X BASE SUPERIOR X ALTURA), PARA VIAS URBANAS (USO VIÁRIO). AF_06/2016 | H37: ='[2]Orçamento COM PVS'!$H$37 -> M | I37: ='[2]Orçamento COM PVS'!$I$37 -> 200 | K37: =ROUND(J37*(1+N37),2) -> 0 | L37: =ROUND(J37*I37,2) -> 0 | M37: =ROUND(I37*K37,2) -> 0 | N37: 0.2204
A38: 3.0 | D38: ='[2]Orçamento COM PVS'!$D$38:$L$38 -> RUA ANTONIO GUASSO | L38: =L39+L41+L46 -> 0 | M38: =M39+M41+M46 -> 0
A39: 3.1 | D39: ='[2]Orçamento COM PVS'!$D$39:$L$39 -> SERVIÇOS PRELIMINARES | L39: =L40 -> 0 | M39: =M40 -> 0
A40: 3.1.1 | B40: ='[2]Orçamento COM PVS'!$B$40 -> SINAPI | C40: ='[2]Orçamento COM PVS'!$C$40 -> 99064 | D40: ='[2]Orçamento COM PVS'!$D$40:$G$40 -> LOCAÇÃO DE PAVIMENTAÇÃO. AF_10/2018 | H40: ='[2]Orçamento COM PVS'!$H$40 -> M | I40: ='[2]Orçamento COM PVS'!$I$40 -> 93.5 | K40: =ROUND(J40*(1+N40),2) -> 0 | L40: =ROUND(J40*I40,2) -> 0 | M40: =ROUND(I40*K40,2) -> 0 | N40: 0.2204
A41: 3.2 | D41: ='[2]Orçamento COM PVS'!$D$41:$L$41 -> DRENAGEM PLUVIAL | L41: =SUM(L42:L45) -> 0 | M41: =SUM(M42:M45) -> 0
A42: 3.2.1 | B42: ='[2]Orçamento COM PVS'!$B$42 -> SINAPI | C42: ='[2]Orçamento COM PVS'!$C$42 -> 90105 | D42: ='[2]Orçamento COM PVS'!$D$42:$G$42 -> ESCAVAÇÃO MECANIZADA DE VALA COM PROFUNDIDADE ATÉ 1,5 M (MÉDIA MONTANTE E JUSANTE/UMA COMPOSIÇÃO POR TRECHO), RETROESCAV. (0,26 M3), LARGURA MENOR QUE 0,8 M, EM SOLO DE 1A CATEGORIA, LOCAIS COM BAIXO NÍVEL DE INTERFERÊNCIA. AF_02/2021 | H42: ='[2]Orçamento COM PVS'!$H$42 -> M3 | I42: ='[2]Orçamento COM PVS'!$I$42 -> 103.744 | K42: =ROUND(J42*(1+N42),2) -> 0 | L42: =ROUND(J42*I42,2) -> 0 | M42: =ROUND(K42*I42,2) -> 0 | N42: 0.2204
A43: 3.2.2 | B43: ='[2]Orçamento COM PVS'!$B$43 -> SINAPI | C43: ='[2]Orçamento COM PVS'!$C$43 -> 95568 | D43: ='[2]Orçamento COM PVS'!$D$42:$G$43 -> TUBO DE CONCRETO (SIMPLES) PARA REDES COLETORAS DE ÁGUAS PLUVIAIS, DIÂMETRO DE 400 MM, JUNTA RÍGIDA, INSTALADO EM LOCAL COM BAIXO NÍVEL DE INTERFERÊNCIAS - FORNECIMENTO E ASSENTAMENTO. AF_12/2015 | H43: ='[2]Orçamento COM PVS'!$H$43 -> M | I43: ='[2]Orçamento COM PVS'!$I$43 -> 64 | K43: =ROUND(J43*(1+N43),2) -> 0 | L43: =ROUND(J43*I43,2) -> 0 | M43: =ROUND(K43*I43,2) -> 0 | N43: 0.2204
A44: 3.2.3 | B44: ='[2]Orçamento COM PVS'!$B$44 -> COMP. | C44: ='[2]Orçamento COM PVS'!$C$44 -> 1 | D44: ='[2]Orçamento COM PVS'!$D$42:$G$44 -> CX. PARA BOCA DE LOBO EM ALVENARIA DE BLOCOS DE CONCRETO 0,8X0,8X1,5m (DIM. INTERNA) | H44: ='[2]Orçamento COM PVS'!$H$44 -> UNID. | I44: ='[2]Orçamento COM PVS'!$I$44 -> 4 | K44: =ROUND(J44*(1+N44),2) -> 0 | L44: =ROUND(J44*I44,2) -> 0 | M44: =ROUND(K44*I44,2) -> 0 | N44: 0.2204
A45: 3.2.4 | B45: ='[2]Orçamento COM PVS'!$B$45 -> SINAPI | C45: ='[2]Orçamento COM PVS'!$C$45 -> 93382 | D45: ='[2]Orçamento COM PVS'!$D$42:$G$45 -> REATERRO MANUAL DE VALAS, COM COMPACTADOR DE SOLOS DE PERCUSSÃO. AF_08/2023 | H45: ='[2]Orçamento COM PVS'!$H$45 -> M3 | I45: ='[2]Orçamento COM PVS'!$I$45 -> 46.4 | K45: =ROUND(J45*(1+N45),2) -> 0 | L45: =ROUND(J45*I45,2) -> 0 | M45: =ROUND(K45*I45,2) -> 0 | N45: 0.2204
A46: 3.3 | D46: ='[2]Orçamento COM PVS'!$D$46:$L$46 -> PAVIMENTAÇÃO | L46: =SUM(L47:L48) -> 0 | M46: =SUM(M47:M48) -> 0
A47: 3.3.1 | B47: ='[2]Orçamento COM PVS'!$B$47 -> COMP. | C47: ='[2]Orçamento COM PVS'!$C$47 -> COMP. 003 | D47: ='[2]Orçamento COM PVS'!$D$47:$G$47 -> EXECUÇÃO DE VIA EM PISO INTERTRAVADO, COM BLOCO 16 FACES DE 22X11 CM, ESPESSURA DE 8 CM. AF_10/2022 | H47: ='[2]Orçamento COM PVS'!$H$47 -> M2 | I47: ='[2]Orçamento COM PVS'!$I$47 -> 842 | K47: =ROUND(J47*(1+N47),2) -> 0 | L47: =ROUND(J47*I47,2) -> 0 | M47: =ROUND(K47*I47,2) -> 0 | N47: 0.2204
A48: 3.3.2 | B48: ='[2]Orçamento COM PVS'!$B$48 -> SINAPI | C48: ='[2]Orçamento COM PVS'!$C$48 -> 94273 | D48: ='[2]Orçamento COM PVS'!$D$48:$G$48 -> ASSENTAMENTO DE GUIA (MEIO-FIO) EM TRECHO RETO, CONFECCIONADA EM CONCRETO PRÉ-FABRICADO, DIMENSÕES 100X15X13X30 CM (COMPRIMENTO X BASE INFERIOR X BASE SUPERIOR X ALTURA), PARA VIAS URBANAS (USO VIÁRIO). AF_06/2016 | H48: ='[2]Orçamento COM PVS'!$H$48 -> M | I48: ='[2]Orçamento COM PVS'!$I$48 -> 205 | K48: =ROUND(J48*(1+N48),2) -> 0 | L48: =ROUND(J48*I48,2) -> 0 | M48: =ROUND(K48*I48,2) -> 0 | N48: 0.2204
A49: 4.0 | D49: ='[2]Orçamento COM PVS'!$D$49:$L$49 -> RUA ALEXANDRE MANENTI | L49: =L50+L52+L58 -> 0 | M49: =M50+M52+M58 -> 0
A50: 4.1 | D50: ='[2]Orçamento COM PVS'!$D$50:$L$50 -> SERVIÇOS PRELIMINARES | L50: =L51 -> 0 | M50: =M51 -> 0
A51: 4.1.1 | B51: ='[2]Orçamento COM PVS'!$B$51 -> SINAPI | C51: ='[2]Orçamento COM PVS'!$C$51 -> 99064 | D51: ='[2]Orçamento COM PVS'!$D$51:$G$51 -> LOCAÇÃO DE PAVIMENTAÇÃO. AF_10/2018 | H51: ='[2]Orçamento COM PVS'!$H$51 -> M | I51: ='[2]Orçamento COM PVS'!$I$51 -> 153 | K51: =ROUND(J51*(1+N51),2) -> 0 | L51: =ROUND(J51*I51,2) -> 0 | M51: =ROUND(K51*I51,2) -> 0 | N51: 0.2204
A52: 4.2 | D52: ='[2]Orçamento COM PVS'!$D$41:$L$41 -> DRENAGEM PLUVIAL | L52: =SUM(L53:L57) -> 0 | M52: =SUM(M53:M57) -> 0
A53: 4.2.1 | B53: ='[2]Orçamento COM PVS'!$B$53 -> SINAPI | C53: ='[2]Orçamento COM PVS'!$C$53 -> 90105 | D53: ='[2]Orçamento COM PVS'!$D$53:$G$53 -> ESCAVAÇÃO MECANIZADA DE VALA COM PROFUNDIDADE ATÉ 1,5 M (MÉDIA MONTANTE E JUSANTE/UMA COMPOSIÇÃO POR TRECHO), RETROESCAV. (0,26 M3), LARGURA MENOR QUE 0,8 M, EM SOLO DE 1A CATEGORIA, LOCAIS COM BAIXO NÍVEL DE INTERFERÊNCIA. AF_02/2021 | H53: ='[2]Orçamento COM PVS'!$H$53 -> M3 | I53: ='[2]Orçamento COM PVS'!$I$53 -> 275.616 | K53: =ROUND(J53*(1+N53),2) -> 0 | L53: =ROUND(J53*I53,2) -> 0 | M53: =ROUND(K53*I53,2) -> 0 | N53: 0.2204
A54: 4.2.2 | B54: ='[2]Orçamento COM PVS'!$B$54 -> SINAPI | C54: ='[2]Orçamento COM PVS'!$C$54 -> 95568 | D54: ='[2]Orçamento COM PVS'!$D$54:$G$54 -> TUBO DE CONCRETO (SIMPLES) PARA REDES COLETORAS DE ÁGUAS PLUVIAIS, DIÂMETRO DE 400 MM, JUNTA RÍGIDA, INSTALADO EM LOCAL COM BAIXO NÍVEL DE INTERFERÊNCIAS - FORNECIMENTO E ASSENTAMENTO. AF_12/2015 | H54: ='[2]Orçamento COM PVS'!$H$54 -> M | I54: ='[2]Orçamento COM PVS'!$I$54 -> 93 | K54: =ROUND(J54*(1+N54),2) -> 0 | L54: =ROUND(J54*I54,2) -> 0 | M54: =ROUND(K54*I54,2) -> 0 | N54: 0.2204
A55: 4.2.3 | B55: ='[2]Orçamento COM PVS'!$B$55 -> SINAPI | C55: ='[2]Orçamento COM PVS'!$C$55 -> 92212 | D55: ='[2]Orçamento COM PVS'!$D$56:$G$56 -> CX. PARA BOCA DE LOBO EM ALVENARIA DE BLOCOS DE CONCRETO 0,8X0,8X1,5m (DIM. INTERNA) | H55: ='[2]Orçamento COM PVS'!$H$55 -> M | I55: ='[2]Orçamento COM PVS'!$I$55 -> 83 | K55: =ROUND(J55*(1+N55),2) -> 0 | L55: =ROUND(J55*I55,2) -> 0 | M55: =ROUND(K55*I55,2) -> 0 | N55: 0.2204
A56: 4.2.4 | B56: ='[2]Orçamento COM PVS'!$B$56 -> COMP. | C56: ='[2]Orçamento COM PVS'!$C$56 -> 1 | D56: ='[2]Orçamento COM PVS'!$D$57:$G$57 -> REATERRO MANUAL DE VALAS, COM COMPACTADOR DE SOLOS DE PERCUSSÃO. AF_08/2023 | H56: ='[2]Orçamento COM PVS'!$H$56 -> UNID. | I56: ='[2]Orçamento COM PVS'!$I$56 -> 6 | K56: =ROUND(J56*(1+N56),2) -> 0 | L56: =ROUND(J56*I56,2) -> 0 | M56: =ROUND(K56*I56,2) -> 0 | N56: 0.2204
A57: 4.2.5 | B57: ='[2]Orçamento COM PVS'!$B$57 -> SINAPI | C57: ='[2]Orçamento COM PVS'!$C$57 -> 93382 | D57: ='[2]Orçamento COM PVS'!$D$57:$G$57 -> REATERRO MANUAL DE VALAS, COM COMPACTADOR DE SOLOS DE PERCUSSÃO. AF_08/2023 | H57: ='[2]Orçamento COM PVS'!$H$57 -> M3 | I57: ='[2]Orçamento COM PVS'!$I$57 -> 125.6 | K57: =ROUND(J57*(1+N57),2) -> 0 | L57: =ROUND(J57*I57,2) -> 0 | M57: =ROUND(K57*I57,2) -> 0 | N57: 0.2204
A58: 4.3 | D58: ='[2]Orçamento COM PVS'!$D$58:$L$58 -> PAVIMENTAÇÃO | L58: =SUM(L59:L60) -> 0 | M58: =SUM(M59:M60) -> 0
A59: 4.3.1 | B59: ='[2]Orçamento COM PVS'!$B$59 -> COMP. | C59: ='[2]Orçamento COM PVS'!$C$59 -> 3 | D59: ='[2]Orçamento COM PVS'!$D$59:$G$59 -> EXECUÇÃO DE VIA EM PISO INTERTRAVADO, COM BLOCO 16 FACES DE 22X11 CM, ESPESSURA DE 8 CM. AF_10/2022 | H59: ='[2]Orçamento COM PVS'!$H$59 -> M2 | I59: ='[2]Orçamento COM PVS'!$I$59 -> 1377 | K59: =ROUND(J59*(1+N59),2) -> 0 | L59: =ROUND(J59*I59,2) -> 0 | M59: =ROUND(K59*I59,2) -> 0 | N59: 0.2204
A60: 4.3.2 | B60: ='[2]Orçamento COM PVS'!$B$60 -> SINAPI | C60: ='[2]Orçamento COM PVS'!$C$60 -> 94273 | D60: ='[2]Orçamento COM PVS'!$D$60:$G$60 -> ASSENTAMENTO DE GUIA (MEIO-FIO) EM TRECHO RETO, CONFECCIONADA EM CONCRETO PRÉ-FABRICADO, DIMENSÕES 100X15X13X30 CM (COMPRIMENTO X BASE INFERIOR X BASE SUPERIOR X ALTURA), PARA VIAS URBANAS (USO VIÁRIO). AF_06/2016 | H60: ='[2]Orçamento COM PVS'!$H$60 -> M | I60: ='[2]Orçamento COM PVS'!$I$60 -> 306 | K60: =ROUND(J60*(1+N60),2) -> 0 | L60: =ROUND(J60*I60,2) -> 0 | M60: =ROUND(K60*I60,2) -> 0 | N60: 0.2204
A61: 5.0 | D61: ='[2]Orçamento COM PVS'!$D$61:$L$61 -> RUA PIETRO ERCOLANI | L61: =L62+L64+L69 -> 0 | M61: =M62+M64+M69 -> 0
A62: 5.1 | D62: ='[2]Orçamento COM PVS'!$D$50:$L$50 -> SERVIÇOS PRELIMINARES | L62: =L63 -> 0 | M62: =M63 -> 0
A63: 5.1.1 | B63: ='[2]Orçamento COM PVS'!$B$63 -> SINAPI | C63: ='[2]Orçamento COM PVS'!$C$63 -> 99064 | D63: ='[2]Orçamento COM PVS'!$D$63:$G$63 -> LOCAÇÃO DE PAVIMENTAÇÃO. AF_10/2018 | H63: ='[2]Orçamento COM PVS'!$H$63 -> M | I63: ='[2]Orçamento COM PVS'!$I$63 -> 168 | K63: =ROUND(J63*(1+N63),2) -> 0 | L63: =ROUND(J63*I63,2) -> 0 | M63: =ROUND(K63*I63,2) -> 0 | N63: 0.2204
A64: 5.2 | D64: ='[2]Orçamento COM PVS'!$D$64:$L$64 -> DRENAGEM PLUVIAL | L64: =SUM(L65:L68) -> 0 | M64: =SUM(M65:M68) -> 0
A65: 5.2.1 | B65: ='[2]Orçamento COM PVS'!$B$65 -> SINAPI | C65: ='[2]Orçamento COM PVS'!$C$65 -> 90105 | D65: ='[2]Orçamento COM PVS'!$D$65:$G$65 -> ESCAVAÇÃO MECANIZADA DE VALA COM PROFUNDIDADE ATÉ 1,5 M (MÉDIA MONTANTE E JUSANTE/UMA COMPOSIÇÃO POR TRECHO), RETROESCAV. (0,26 M3), LARGURA MENOR QUE 0,8 M, EM SOLO DE 1A CATEGORIA, LOCAIS COM BAIXO NÍVEL DE INTERFERÊNCIA. AF_02/2021 | H65: ='[2]Orçamento COM PVS'!$H$65 -> M3 | I65: ='[2]Orçamento COM PVS'!$I$65 -> 175.744 | K65: =ROUND(J65*(1+N65),2) -> 0 | L65: =ROUND(J65*I65,2) -> 0 | M65: =ROUND(K65*I65,2) -> 0 | N65: 0.2204
A66: 5.2.2 | B66: ='[2]Orçamento COM PVS'!$B$66 -> SINAPI | C66: ='[2]Orçamento COM PVS'!$C$66 -> 95568 | D66: ='[2]Orçamento COM PVS'!$D$65:$G$66 -> TUBO DE CONCRETO (SIMPLES) PARA REDES COLETORAS DE ÁGUAS PLUVIAIS, DIÂMETRO DE 400 MM, JUNTA RÍGIDA, INSTALADO EM LOCAL COM BAIXO NÍVEL DE INTERFERÊNCIAS - FORNECIMENTO E ASSENTAMENTO. AF_12/2015 | H66: ='[2]Orçamento COM PVS'!$H$66 -> m | I66: ='[2]Orçamento COM PVS'!$I$66 -> 112 | K66: =ROUND(J66*(1+N66),2) -> 0 | L66: =ROUND(J66*I66,2) -> 0 | M66: =ROUND(K66*I66,2) -> 0 | N66: 0.2204
A67: 5.2.3 | B67: ='[2]Orçamento COM PVS'!$B$67 -> COMP. | C67: ='[2]Orçamento COM PVS'!$C$67 -> 1 | D67: ='[2]Orçamento COM PVS'!$D$65:$G$67 -> CX. PARA BOCA DE LOBO EM ALVENARIA DE BLOCOS DE CONCRETO 0,8X0,8X1,5m (DIM. INTERNA) | H67: ='[2]Orçamento COM PVS'!$H$67 -> UNID. | I67: ='[2]Orçamento COM PVS'!$I$67 -> 4 | K67: =ROUND(J67*(1+N67),2) -> 0 | L67: =ROUND(J67*I67,2) -> 0 | M67: =ROUND(K67*I67,2) -> 0 | N67: 0.2204
A68: 5.2.4 | B68: ='[2]Orçamento COM PVS'!$B$68 -> SINAPI | C68: ='[2]Orçamento COM PVS'!$C$68 -> 93382 | D68: ='[2]Orçamento COM PVS'!$D$65:$G$68 -> REATERRO MANUAL DE VALAS, COM COMPACTADOR DE SOLOS DE PERCUSSÃO. AF_08/2023 | H68: ='[2]Orçamento COM PVS'!$H$68 -> M3 | I68: ='[2]Orçamento COM PVS'!$I$68 -> 80 | K68: =ROUND(J68*(1+N68),2) -> 0 | L68: =ROUND(J68*I68,2) -> 0 | M68: =ROUND(K68*I68,2) -> 0 | N68: 0.2204
A69: 5.3 | D69: ='[2]Orçamento COM PVS'!$D$69:$L$69 -> PAVIMENTAÇÃO | L69: =SUM(L70:L71) -> 0 | M69: =SUM(M70:M71) -> 0
A70: 5.3.1 | B70: ='[2]Orçamento COM PVS'!$B$70 -> COMP. | C70: ='[2]Orçamento COM PVS'!$C$70 -> 3 | D70: ='[2]Orçamento COM PVS'!$D$70:$G$70 -> EXECUÇÃO DE VIA EM PISO INTERTRAVADO, COM BLOCO 16 FACES DE 22X11 CM, ESPESSURA DE 8 CM. AF_10/2022 | H70: ='[2]Orçamento COM PVS'!$H$70 -> M2 | I70: ='[2]Orçamento COM PVS'!$I$70 -> 1512 | K70: =ROUND(J70*(1+N70),2) -> 0 | L70: =ROUND(J70*I70,2) -> 0 | M70: =ROUND(K70*I70,2) -> 0 | N70: 0.2204
A71: 5.3.2 | B71: ='[2]Orçamento COM PVS'!$C$71 -> 94273 | C71: ='[2]Orçamento COM PVS'!$C$71 -> 94273 | D71: ='[2]Orçamento COM PVS'!$D$71:$G$71 -> ASSENTAMENTO DE GUIA (MEIO-FIO) EM TRECHO RETO, CONFECCIONADA EM CONCRETO PRÉ-FABRICADO, DIMENSÕES 100X15X13X30 CM (COMPRIMENTO X BASE INFERIOR X BASE SUPERIOR X ALTURA), PARA VIAS URBANAS (USO VIÁRIO). AF_06/2016 | H71: ='[2]Orçamento COM PVS'!$H$71 -> M | I71: ='[2]Orçamento COM PVS'!$I$71 -> 325 | K71: =ROUND(J71*(1+N71),2) -> 0 | L71: =ROUND(J71*I71,2) -> 0 | M71: =ROUND(K71*I71,2) -> 0 | N71: 0.2204
A72: 6.0 | D72: ='[2]Orçamento COM PVS'!$D$72:$L$72 -> RUA VALDENIR VICENTE GAVIOLI | L72: =L73+L75+L81 -> 0 | M72: =M73+M75+M81 -> 0
A73: 6.1 | D73: ='[2]Orçamento COM PVS'!$D$73:$L$73 -> SERVIÇOS PRELIMINARES | L73: =L74 -> 0 | M73: =M74 -> 0
A74: 6.1.1 | B74: ='[2]Orçamento COM PVS'!$B$74 -> SINAPI | C74: ='[2]Orçamento COM PVS'!$C$74 -> 99064 | D74: ='[2]Orçamento COM PVS'!$D$74:$G$74 -> LOCAÇÃO DE PAVIMENTAÇÃO. AF_10/2018 | H74: ='[2]Orçamento COM PVS'!$H$74 -> M | I74: ='[2]Orçamento COM PVS'!$I$74 -> 170 | K74: =ROUND(J74*(1+N74),2) -> 0 | L74: =ROUND(J74*I74,2) -> 0 | M74: =ROUND(K74*I74,2) -> 0 | N74: 0.2204
A75: 6.2 | D75: ='[2]Orçamento COM PVS'!$D$75:$L$75 -> DRENAGEM PLUVIAL | L75: =SUM(L76:L80) -> 0 | M75: =SUM(M76:M80) -> 0
A76: 6.2.1 | B76: ='[2]Orçamento COM PVS'!$B$76 -> SINAPI | C76: ='[2]Orçamento COM PVS'!$C$76 -> 90105 | D76: ='[2]Orçamento COM PVS'!$D$76:$G$76 -> ESCAVAÇÃO MECANIZADA DE VALA COM PROFUNDIDADE ATÉ 1,5 M (MÉDIA MONTANTE E JUSANTE/UMA COMPOSIÇÃO POR TRECHO), RETROESCAV. (0,26 M3), LARGURA MENOR QUE 0,8 M, EM SOLO DE 1A CATEGORIA, LOCAIS COM BAIXO NÍVEL DE INTERFERÊNCIA. AF_02/2021 | H76: ='[2]Orçamento COM PVS'!$H$76 -> M3 | I76: ='[2]Orçamento COM PVS'!$I$76 -> 284.808 | K76: =ROUND(J76*(1+N76),2) -> 0 | L76: =ROUND(J76*I76,2) -> 0 | M76: =ROUND(K76*I76,2) -> 0 | N76: 0.2204
A77: 6.2.2 | B77: ='[2]Orçamento COM PVS'!$B$77 -> SINAPI | C77: ='[2]Orçamento COM PVS'!$C$77 -> 92212 | D77: ='[2]Orçamento COM PVS'!$D$76:$G$77 -> TUBO DE CONCRETO PARA REDES COLETORAS DE ÁGUAS PLUVIAIS, DIÂMETRO DE 600 MM, JUNTA RÍGIDA, INSTALADO EM LOCAL COM BAIXO NÍVEL DE INTERFERÊNCIAS - FORNECIMENTO E ASSENTAMENTO. AF_12/2015 | H77: ='[2]Orçamento COM PVS'!$H$77 -> M | I77: ='[2]Orçamento COM PVS'!$I$77 -> 177 | K77: =ROUND(J77*(1+N77),2) -> 0 | L77: =ROUND(J77*I77,2) -> 0 | M77: =ROUND(K77*I77,2) -> 0 | N77: 0.2204
A78: 6.2.3 | B78: ='[2]Orçamento COM PVS'!$B$78 -> SINAPI | C78: ='[2]Orçamento COM PVS'!$C$78 -> 95568 | D78: ='[2]Orçamento COM PVS'!$D$76:$G$78 -> TUBO DE CONCRETO (SIMPLES) PARA REDES COLETORAS DE ÁGUAS PLUVIAIS, DIÂMETRO DE 400 MM, JUNTA RÍGIDA, INSTALADO EM LOCAL COM BAIXO NÍVEL DE INTERFERÊNCIAS - FORNECIMENTO E ASSENTAMENTO. AF_12/2015 | H78: ='[2]Orçamento COM PVS'!$H$78 -> M | I78: ='[2]Orçamento COM PVS'!$I$78 -> 9 | K78: =ROUND(J78*(1+N78),2) -> 0 | L78: =ROUND(J78*I78,2) -> 0 | M78: =ROUND(K78*I78,2) -> 0 | N78: 0.2204
A79: 6.2.4 | B79: ='[2]Orçamento COM PVS'!$B$79 -> COMP. | C79: ='[2]Orçamento COM PVS'!$C$79 -> 1 | D79: ='[2]Orçamento COM PVS'!$D$76:$G$79 -> CX. PARA BOCA DE LOBO EM ALVENARIA DE BLOCOS DE CONCRETO 0,8X0,8X1,5m (DIM. INTERNA) | H79: ='[2]Orçamento COM PVS'!$H$79 -> UNID. | I79: ='[2]Orçamento COM PVS'!$I$79 -> 3 | K79: =ROUND(J79*(1+N79),2) -> 0 | L79: =ROUND(J79*I79,2) -> 0 | M79: =ROUND(K79*I79,2) -> 0 | N79: 0.2204
A80: 6.2.5 | B80: ='[2]Orçamento COM PVS'!$B$80 -> SINAPI | C80: ='[2]Orçamento COM PVS'!$C$80 -> 93382 | D80: ='[2]Orçamento COM PVS'!$D$76:$G$80 -> REATERRO MANUAL DE VALAS, COM COMPACTADOR DE SOLOS DE PERCUSSÃO. AF_08/2023 | H80: ='[2]Orçamento COM PVS'!$H$80 -> M3 | I80: ='[2]Orçamento COM PVS'!$I$80 -> 131.4 | K80: =ROUND(J80*(1+N80),2) -> 0 | L80: =ROUND(J80*I80,2) -> 0 | M80: =ROUND(K80*I80,2) -> 0 | N80: 0.2204
A81: 6.3 | D81: ='[2]Orçamento COM PVS'!$D$81:$L$81 -> PAVIMENTAÇÃO | L81: =SUM(L82:L83) -> 0 | M81: =SUM(M82:M83) -> 0
A82: 6.3.1 | B82: ='[2]Orçamento COM PVS'!$B$82 -> COMP. | C82: ='[2]Orçamento COM PVS'!$C$82 -> 3 | D82: ='[2]Orçamento COM PVS'!$D$82:$G$82 -> EXECUÇÃO DE VIA EM PISO INTERTRAVADO, COM BLOCO 16 FACES DE 22X11 CM, ESPESSURA DE 8 CM. AF_10/2022 | H82: ='[2]Orçamento COM PVS'!$H$82 -> M2 | I82: ='[2]Orçamento COM PVS'!$I$82 -> 1530 | K82: =ROUND(J82*(1+N82),2) -> 0 | L82: =ROUND(J82*I82,2) -> 0 | M82: =ROUND(K82*I82,2) -> 0 | N82: 0.2204
A83: 6.3.2 | B83: ='[2]Orçamento COM PVS'!$B$83 -> SINAPI | C83: ='[2]Orçamento COM PVS'!$C$83 -> 94273 | D83: ='[2]Orçamento COM PVS'!$D$83:$G$83 -> ASSENTAMENTO DE GUIA (MEIO-FIO) EM TRECHO RETO, CONFECCIONADA EM CONCRETO PRÉ-FABRICADO, DIMENSÕES 100X15X13X30 CM (COMPRIMENTO X BASE INFERIOR X BASE SUPERIOR X ALTURA), PARA VIAS URBANAS (USO VIÁRIO). AF_06/2016 | H83: ='[2]Orçamento COM PVS'!$H$83 -> M | I83: ='[2]Orçamento COM PVS'!$I$83 -> 331 | K83: =ROUND(J83*(1+N83),2) -> 0 | L83: =ROUND(J83*I83,2) -> 0 | M83: =ROUND(K83*I83,2) -> 0 | N83: 0.2204
A84: 7.0 | D84: ='[2]Orçamento COM PVS'!$D$84:$L$84 -> RUA EMANCIPAÇÃO | L84: =L85+L87+L95 -> 0 | M84: =M85+M87+M95 -> 0
A85: 7.1 | D85: ='[2]Orçamento COM PVS'!$D$85:$L$85 -> SERVIÇOS PRELIMINARES | L85: =L86 -> 0 | M85: =M86 -> 0
A86: 7.1.1 | B86: ='[2]Orçamento COM PVS'!$B$86 -> SINAPI | C86: ='[2]Orçamento COM PVS'!$C$86 -> 99064 | D86: ='[2]Orçamento COM PVS'!$D$86:$G$86 -> LOCAÇÃO DE PAVIMENTAÇÃO. AF_10/2018 | H86: ='[2]Orçamento COM PVS'!$H$86 -> M | I86: ='[2]Orçamento COM PVS'!$I$86 -> 397 | K86: =ROUND(J86*(1+N86),2) -> 0 | L86: =ROUND(J86*I86,2) -> 0 | M86: =ROUND(K86*I86,2) -> 0 | N86: 0.2204
A87: 7.2 | D87: ='[2]Orçamento COM PVS'!$D$87:$L$87 -> DRENAGEM PLUVIAL | L87: =SUM(L88:L94) -> 0 | M87: =SUM(M88:M94) -> 0
A88: 7.2.1 | B88: ='[2]Orçamento COM PVS'!$B$88 -> SINAPI | C88: ='[2]Orçamento COM PVS'!$C$88 -> 90105 | D88: ='[2]Orçamento COM PVS'!$D$88:$G$88 -> ESCAVAÇÃO MECANIZADA DE VALA COM PROFUNDIDADE ATÉ 1,5 M (MÉDIA MONTANTE E JUSANTE/UMA COMPOSIÇÃO POR TRECHO), RETROESCAV. (0,26 M3), LARGURA MENOR QUE 0,8 M, EM SOLO DE 1A CATEGORIA, LOCAIS COM BAIXO NÍVEL DE INTERFERÊNCIA. AF_02/2021 | H88: ='[2]Orçamento COM PVS'!$H$88 -> M3 | I88: ='[2]Orçamento COM PVS'!$I$88 -> 509.04 | K88: =ROUND(J88*(1+N88),2) -> 0 | L88: =ROUND(J88*I88,2) -> 0 | M88: =ROUND(K88*I88,2) -> 0 | N88: 0.2204
A89: 7.2.2 | B89: ='[2]Orçamento COM PVS'!$B$89 -> SINAPI | C89: ='[2]Orçamento COM PVS'!$C$89 -> 95568 | D89: ='[2]Orçamento COM PVS'!$D$89:$G$89 -> TUBO DE CONCRETO (SIMPLES) PARA REDES COLETORAS DE ÁGUAS PLUVIAIS, DIÂMETRO DE 400 MM, JUNTA RÍGIDA, INSTALADO EM LOCAL COM BAIXO NÍVEL DE INTERFERÊNCIAS - FORNECIMENTO E ASSENTAMENTO. AF_12/2015 | H89: ='[2]Orçamento COM PVS'!$H$89 -> M | I89: ='[2]Orçamento COM PVS'!$I$89 -> 80 | K89: =ROUND(J89*(1+N89),2) -> 0 | L89: =ROUND(J89*I89,2) -> 0 | M89: =ROUND(K89*I89,2) -> 0 | N89: 0.2204
A90: 7.2.3 | B90: ='[2]Orçamento COM PVS'!$B$90 -> SINAPI | C90: ='[2]Orçamento COM PVS'!$C$90 -> 92212 | D90: ='[2]Orçamento COM PVS'!$D$90:$G$90 -> TUBO DE CONCRETO PARA REDES COLETORAS DE ÁGUAS PLUVIAIS, DIÂMETRO DE 600 MM, JUNTA RÍGIDA, INSTALADO EM LOCAL COM BAIXO NÍVEL DE INTERFERÊNCIAS - FORNECIMENTO E ASSENTAMENTO. AF_12/2015 | H90: ='[2]Orçamento COM PVS'!$H$90 -> M | I90: ='[2]Orçamento COM PVS'!$I$90 -> 240 | K90: =ROUND(J90*(1+N90),2) -> 0 | L90: =ROUND(J90*I90,2) -> 0 | M90: =ROUND(K90*I90,2) -> 0 | N90: 0.2204
A91: 7.2.4 | B91: ='[2]Orçamento COM PVS'!$B$91 -> SINAPI | C91: ='[2]Orçamento COM PVS'!$C$91 -> 92216 | D91: ='[2]Orçamento COM PVS'!$D$91:$G$91 -> TUBO DE CONCRETO PARA REDES COLETORAS DE ÁGUAS PLUVIAIS, DIÂMETRO DE 1000 MM, JUNTA RÍGIDA, INSTALADO EM LOCAL COM BAIXO NÍVEL DE INTERFERÊNCIAS - FORNECIMENTO E ASSENTAMENTO. AF_12/2015 | H91: ='[2]Orçamento COM PVS'!$H$91 -> M | I91: ='[2]Orçamento COM PVS'!$I$91 -> 10 | K91: =ROUND(J91*(1+N91),2) -> 0 | L91: =ROUND(J91*I91,2) -> 0 | M91: =ROUND(K91*I91,2) -> 0 | N91: 0.2204
A92: 7.2.5 | B92: ='[2]Orçamento COM PVS'!$B$92 -> COMP. | C92: ='[2]Orçamento COM PVS'!$C$92 -> 1 | D92: ='[2]Orçamento COM PVS'!$D$92:$G$92 -> CX. PARA BOCA DE LOBO EM ALVENARIA DE BLOCOS DE CONCRETO 0,8X0,8X1,5m (DIM. INTERNA) | H92: ='[2]Orçamento COM PVS'!$H$92 -> UNID. | I92: ='[2]Orçamento COM PVS'!$I$92 -> 14 | K92: =ROUND(J92*(1+N92),2) -> 0 | L92: =ROUND(J92*I92,2) -> 0 | M92: =ROUND(K92*I92,2) -> 0 | N92: 0.2204
A93: 7.2.6 | B93: ='[2]Orçamento COM PVS'!$B$93 -> COMP. | C93: ='[2]Orçamento COM PVS'!$C$93 -> 4 | D93: ='[2]Orçamento COM PVS'!$D$92:$G$93 -> CX. PARA BOCA DE LOBO EM ALVENARIA DE BLOCOS DE CONCRETO 1,2X1,2X1,5m (DIM. INTERNA)) | H93: ='[2]Orçamento COM PVS'!$H$93 -> UNID. | I93: ='[2]Orçamento COM PVS'!$I$93 -> 1 | K93: =ROUND(J93*(1+N93),2) -> 0 | L93: =ROUND(J93*I93,2) -> 0 | M93: =ROUND(K93*I93,2) -> 0 | N93: 0.2204
A94: 7.2.7 | B94: ='[2]Orçamento COM PVS'!$B$94 -> SINAPI | C94: ='[2]Orçamento COM PVS'!$C$94 -> 93382 | D94: ='[2]Orçamento COM PVS'!$D$92:$G$94 -> REATERRO MANUAL DE VALAS, COM COMPACTADOR DE SOLOS DE PERCUSSÃO. AF_08/2023 | H94: ='[2]Orçamento COM PVS'!$H$94 -> M3 | I94: ='[2]Orçamento COM PVS'!$I$94 -> 350.624 | K94: =ROUND(J94*(1+N94),2) -> 0 | L94: =ROUND(J94*I94,2) -> 0 | M94: =ROUND(K94*I94,2) -> 0 | N94: 0.2204
A95: 7.3 | D95: ='[2]Orçamento COM PVS'!$D$95:$L$95 -> PAVIMENTAÇÃO | L95: =SUM(L96:L97) -> 0 | M95: =SUM(M96:M97) -> 0
A96: 7.3.1 | B96: ='[2]Orçamento COM PVS'!$B$96 -> COMP. | C96: ='[2]Orçamento COM PVS'!$C$96 -> 3 | D96: ='[2]Orçamento COM PVS'!$D$96:$G$96 -> EXECUÇÃO DE VIA EM PISO INTERTRAVADO, COM BLOCO 16 FACES DE 22X11 CM, ESPESSURA DE 8 CM. AF_10/2022 | H96: ='[2]Orçamento COM PVS'!$H$96 -> M2 | I96: ='[2]Orçamento COM PVS'!$I$96 -> 3970 | K96: =ROUND(J96*(1+N96),2) -> 0 | L96: =ROUND(J96*I96,2) -> 0 | M96: =ROUND(K96*I96,2) -> 0 | N96: 0.2204
A97: 7.3.2 | B97: ='[2]Orçamento COM PVS'!$B$97 -> SINAPI | C97: ='[2]Orçamento COM PVS'!$C$97 -> 94273 | D97: ='[2]Orçamento COM PVS'!$D$97:$G$97 -> ASSENTAMENTO DE GUIA (MEIO-FIO) EM TRECHO RETO, CONFECCIONADA EM CONCRETO PRÉ-FABRICADO, DIMENSÕES 100X15X13X30 CM (COMPRIMENTO X BASE INFERIOR X BASE SUPERIOR X ALTURA), PARA VIAS URBANAS (USO VIÁRIO). AF_06/2016 | H97: ='[2]Orçamento COM PVS'!$H$97 -> M | I97: ='[2]Orçamento COM PVS'!$I$97 -> 795 | K97: =ROUND(J97*(1+N97),2) -> 0 | L97: =ROUND(J97*I97,2) -> 0 | M97: =ROUND(K97*I97,2) -> 0 | N97: 0.2204
A98: 8.0 | D98: ='[2]Orçamento COM PVS'!$D$98:$L$98 -> RUA JOÃO GIODA | L98: =L99+L101+L107 -> 0 | M98: =M99+M101+M107 -> 0
A99: 8.1 | D99: ='[2]Orçamento COM PVS'!$D$99:$L$99 -> SERVIÇOS PRELIMINARES | L99: =L100 -> 0 | M99: =M100 -> 0
A100: 8.1.1 | B100: ='[2]Orçamento COM PVS'!$B$100 -> SINAPI | C100: ='[2]Orçamento COM PVS'!$C$100 -> 99064 | D100: ='[2]Orçamento COM PVS'!$D$100:$G$100 -> LOCAÇÃO DE PAVIMENTAÇÃO. AF_10/2018 | H100: ='[2]Orçamento COM PVS'!$H$100 -> M | I100: ='[2]Orçamento COM PVS'!$I$100 -> 158 | K100: =ROUND(J100*(1+N100),2) -> 0 | L100: =ROUND(J100*I100,2) -> 0 | M100: =ROUND(K100*I100,2) -> 0 | N100: 0.2204
A101: 8.2 | D101: ='[2]Orçamento COM PVS'!$D$101:$L$101 -> DRENAGEM PLUVIAL | L101: =SUM(L102:L106) -> 0 | M101: =SUM(M102:M106) -> 0
A102: 8.2.1 | B102: ='[2]Orçamento COM PVS'!$B$102 -> SINAPI | C102: ='[2]Orçamento COM PVS'!$C$102 -> 90105 | D102: ='[2]Orçamento COM PVS'!$D$102:$G$102 -> ESCAVAÇÃO MECANIZADA DE VALA COM PROFUNDIDADE ATÉ 1,5 M (MÉDIA MONTANTE E JUSANTE/UMA COMPOSIÇÃO POR TRECHO), RETROESCAV. (0,26 M3), LARGURA MENOR QUE 0,8 M, EM SOLO DE 1A CATEGORIA, LOCAIS COM BAIXO NÍVEL DE INTERFERÊNCIA. AF_02/2021 | H102: ='[2]Orçamento COM PVS'!$H$102 -> M3 | I102: ='[2]Orçamento COM PVS'!$I$102 -> 35.808 | K102: =ROUND(J102*(1+N102),2) -> 0 | L102: =ROUND(J102*I102,2) -> 0 | M102: =ROUND(K102*I102,2) -> 0 | N102: 0.2204
A103: 8.2.2 | B103: ='[2]Orçamento COM PVS'!$B$103 -> SINAPI | C103: ='[2]Orçamento COM PVS'!$C$103 -> 95568 | D103: ='[2]Orçamento COM PVS'!$D$102:$G$103 -> TUBO DE CONCRETO (SIMPLES) PARA REDES COLETORAS DE ÁGUAS PLUVIAIS, DIÂMETRO DE 400 MM, JUNTA RÍGIDA, INSTALADO EM LOCAL COM BAIXO NÍVEL DE INTERFERÊNCIAS - FORNECIMENTO E ASSENTAMENTO. AF_12/2015 | H103: ='[2]Orçamento COM PVS'!$H$103 -> M | I103: ='[2]Orçamento COM PVS'!$I$103 -> 20 | K103: =ROUND(J103*(1+N103),2) -> 0 | L103: =ROUND(J103*I103,2) -> 0 | M103: =ROUND(K103*I103,2) -> 0 | N103: 0.2204
A104: 8.2.3 | B104: ='[2]Orçamento COM PVS'!$B$104 -> COMP. | C104: ='[2]Orçamento COM PVS'!$C$104 -> 1 | D104: ='[2]Orçamento COM PVS'!$D$102:$G$104 -> CX. PARA BOCA DE LOBO EM ALVENARIA DE BLOCOS DE CONCRETO 0,8X0,8X1,5m (DIM. INTERNA) | H104: ='[2]Orçamento COM PVS'!$H$104 -> UNID. | I104: ='[2]Orçamento COM PVS'!$I$104 -> 2 | K104: =ROUND(J104*(1+N104),2) -> 0 | L104: =ROUND(J104*I104,2) -> 0 | M104: =ROUND(K104*I104,2) -> 0 | N104: 0.2204
...

Sheet Cronograma
D2: PREFEITURA MUNICIPAL DE NOVA ESPERANÇA DO SUL
D3: SECRETARIA DE OBRAS, HABITAÇÃO E SERVIÇOS URBANOS
U4: * SELECIONAR A PAGINA OU PAGINAS PARA IMPRESSÃO
V6: EDITAR APENAS CÉLULAS EM AZUL
A7: CRONOGRAMA FÍSICO FINANCEIRO
A9: OBRA: PAVIMENTAÇÃO COM BLOCOS INTERTRAVADOS DE CONCRETO | L9: MODALIDADE N°: | N9: XXX/ XX
A10: LOCAL: ZONA URBANA, NOVA ESPERANÇA DO SUL/RS
A11: DATA:
U12: PAGINA 1
H13: PREVISTO | J13: MÊS 1 | L13: MÊS 2 | N13: MÊS 3 | P13: MÊS 4
A14: ITEM | B14: DESCRIÇÃO | H14: % | I14: VALOR | J14: % | K14: VALOR | L14: % | M14: VALOR | N14: % | O14: VALOR | P14: % | Q14: VALOR
A15: 1 | B15: ='Orçamento Modelo'!D15 -> RUA DALTRO LUIZ TUZI | H15: =(I15*100)/I$35 -> #DIV/0! | I15: ='Orçamento Modelo'!M$15 -> 0 | K15: =ROUND(I15*J15/100,2) -> 0 | M15: =ROUND(I15*L15/100,2) -> 0 | O15: =ROUND(I15*N15/100,2) -> 0 | Q15: =ROUND(I15*P15/100,2) -> 0
A16: 2 | B16: ='Orçamento Modelo'!D27 -> RUA ANITA TOCHETTO FRIZZO | H16: =(I16*100)/I$35 -> #DIV/0! | I16: ='Orçamento Modelo'!M$27 -> 0 | K16: =ROUND(I16*J16/100,2) -> 0 | M16: =ROUND(I16*L16/100,2) -> 0 | O16: =ROUND(I16*N16/100,2) -> 0 | Q16: =ROUND(I16*P16/100,2) -> 0
A17: 3 | B17: ='Orçamento Modelo'!D38 -> RUA ANTONIO GUASSO | H17: =(I17*100)/I$35 -> #DIV/0! | I17: ='Orçamento Modelo'!M$38 -> 0 | K17: =ROUND(I17*J17/100,2) -> 0 | M17: =ROUND(I17*L17/100,2) -> 0 | O17: =ROUND(I17*N17/100,2) -> 0 | Q17: =ROUND(I17*P17/100,2) -> 0
A18: 4 | B18: ='Orçamento Modelo'!D49 -> RUA ALEXANDRE MANENTI | H18: =(I18*100)/I$35 -> #DIV/0! | I18: ='Orçamento Modelo'!M$49 -> 0 | K18: =ROUND(I18*J18/100,2) -> 0 | M18: =ROUND(I18*L18/100,2) -> 0 | O18: =ROUND(I18*N18/100,2) -> 0 | Q18: =ROUND(I18*P18/100,2) -> 0
A19: 5 | B19: ='Orçamento Modelo'!D61 -> RUA PIETRO ERCOLANI | H19: =(I19*100)/I$35 -> #DIV/0! | I19: ='Orçamento Modelo'!M$61 -> 0 | K19: =ROUND(I19*J19/100,2) -> 0 | M19: =ROUND(I19*L19/100,2) -> 0 | O19: =ROUND(I19*N19/100,2) -> 0 | Q19: =ROUND(I19*P19/100,2) -> 0
A20: 6 | B20: ='Orçamento Modelo'!D72 -> RUA VALDENIR VICENTE GAVIOLI | H20: =(I20*100)/I$35 -> #DIV/0! | I20: ='Orçamento Modelo'!M$72 -> 0 | K20: =ROUND(I20*J20/100,2) -> 0 | M20: =ROUND(I20*L20/100,2) -> 0 | O20: =ROUND(I20*N20/100,2) -> 0 | Q20: =ROUND(I20*P20/100,2) -> 0
A21: 7 | B21: ='Orçamento Modelo'!D84 -> RUA EMANCIPAÇÃO | H21: =(I21*100)/I$35 -> #DIV/0! | I21: ='Orçamento Modelo'!M$84 -> 0 | K21: =ROUND(I21*J21/100,2) -> 0 | M21: =ROUND(I21*L21/100,2) -> 0 | O21: =ROUND(I21*N21/100,2) -> 0 | Q21: =ROUND(I21*P21/100,2) -> 0
A22: 8 | B22: ='Orçamento Modelo'!D98 -> RUA JOÃO GIODA | H22: =(I22*100)/I$35 -> #DIV/0! | I22: ='Orçamento Modelo'!M$98 -> 0 | K22: =ROUND(I22*J22/100,2) -> 0 | M22: =ROUND(I22*L22/100,2) -> 0 | O22: =ROUND(I22*N22/100,2) -> 0 | Q22: =ROUND(I22*P22/100,2) -> 0
A23: 9 | B23: ='Orçamento Modelo'!D110 -> RUA GIOVANA LOVATO VIELMO | H23: =(I23*100)/I$35 -> #DIV/0! | I23: ='Orçamento Modelo'!M$110 -> 0 | K23: =ROUND(I23*J23/100,2) -> 0 | M23: =ROUND(I23*L23/100,2) -> 0 | O23: =ROUND(I23*N23/100,2) -> 0 | Q23: =ROUND(I23*P23/100,2) -> 0
A24: 10 | B24: ='Orçamento Modelo'!D121 -> RUA EUCLIDES DA CUNHA | H24: =(I24*100)/I$35 -> #DIV/0! | I24: ='Orçamento Modelo'!M$121 -> 0 | K24: =ROUND(I24*J24/100,2) -> 0 | M24: =ROUND(I24*L24/100,2) -> 0 | O24: =ROUND(I24*N24/100,2) -> 0 | Q24: =ROUND(I24*P24/100,2) -> 0
A25: 11 | B25: ='Orçamento Modelo'!D132 -> PEDRO DELEVATI SOBRINHO | H25: =(I25*100)/I$35 -> #DIV/0! | I25: ='Orçamento Modelo'!M$132 -> 0 | K25: =ROUND(I25*J25/100,2) -> 0 | M25: =ROUND(I25*L25/100,2) -> 0 | O25: =ROUND(I25*N25/100,2) -> 0 | Q25: =ROUND(I25*P25/100,2) -> 0
A26: 12 | B26: ='Orçamento Modelo'!D138 -> ALADINO BUZATA | H26: =(I26*100)/I$35 -> #DIV/0! | I26: ='Orçamento Modelo'!M$138 -> 0 | K26: =ROUND(I26*J26/100,2) -> 0 | M26: =ROUND(I26*L26/100,2) -> 0 | O26: =ROUND(I26*N26/100,2) -> 0 | Q26: =ROUND(I26*P26/100,2) -> 0
A27: 13 | B27: ='Orçamento Modelo'!D150 -> PEDRO MINOSSO | H27: =(I27*100)/I$35 -> #DIV/0! | I27: ='Orçamento Modelo'!M$150 -> 0 | K27: =ROUND(I27*J27/100,2) -> 0 | M27: =ROUND(I27*L27/100,2) -> 0 | O27: =ROUND(I27*N27/100,2) -> 0 | Q27: =ROUND(I27*P27/100,2) -> 0
A28: 14 | B28: ='Orçamento Modelo'!D156 -> JOÃO VIELMO | H28: =(I28*100)/I$35 -> #DIV/0! | I28: ='Orçamento Modelo'!M$156 -> 0 | K28: =ROUND(I28*J28/100,2) -> 0 | M28: =ROUND(I28*L28/100,2) -> 0 | O28: =ROUND(I28*N28/100,2) -> 0 | Q28: =ROUND(I28*P28/100,2) -> 0
A29: 15 | B29: ='Orçamento Modelo'!D167 -> JOSÉ ANGONESE | H29: =(I29*100)/I$35 -> #DIV/0! | I29: ='Orçamento Modelo'!M$167 -> 0 | K29: =ROUND(I29*J29/100,2) -> 0 | M29: =ROUND(I29*L29/100,2) -> 0 | O29: =ROUND(I29*N29/100,2) -> 0 | Q29: =ROUND(I29*P29/100,2) -> 0
A30: 16 | B30: ='Orçamento Modelo'!D178 -> ANTONIO DELEVATI | H30: =(I30*100)/I$35 -> #DIV/0! | I30: ='Orçamento Modelo'!M$178 -> 0 | K30: =ROUND(I30*J30/100,2) -> 0 | M30: =ROUND(I30*L30/100,2) -> 0 | O30: =ROUND(I30*N30/100,2) -> 0 | Q30: =ROUND(I30*P30/100,2) -> 0
A31: 17 | B31: ='Orçamento Modelo'!D189 -> VALDECI CAETANO GUASSO | H31: =(I31*100)/I$35 -> #DIV/0! | I31: ='Orçamento Modelo'!M$189 -> 0 | K31: =ROUND(I31*J31/100,2) -> 0 | M31: =ROUND(I31*L31/100,2) -> 0 | O31: =ROUND(I31*N31/100,2) -> 0 | Q31: =ROUND(I31*P31/100,2) -> 0
A32: 18 | B32: ='Orçamento Modelo'!D195 -> PIETRO ERCOLANI TRECHO 2 | H32: =(I32*100)/I$35 -> #DIV/0! | I32: ='Orçamento Modelo'!M$195 -> 0 | K32: =ROUND(I32*J32/100,2) -> 0 | M32: =ROUND(I32*L32/100,2) -> 0 | O32: =ROUND(I32*N32/100,2) -> 0 | Q32: =ROUND(I32*P32/100,2) -> 0
A33: 19 | B33: ='Orçamento Modelo'!D207 -> VALDECI CAETANO GUASSO | H33: =(I33*100)/I$35 -> #DIV/0! | I33: ='Orçamento Modelo'!M$207 -> 0 | K33: =ROUND(I33*J33/100,2) -> 0 | M33: =ROUND(I33*L33/100,2) -> 0 | O33: =ROUND(I33*N33/100,2) -> 0 | Q33: =ROUND(I33*P33/100,2) -> 0
A35: TOTAL | H35: =SUM(H15:H33) -> #DIV/0! | I35: =SUM(I15:I33) -> 0 | J35: =K35*H35/I35 -> #DIV/0! | K35: =SUM(K15:K33) -> 0 | L35: =M35*H35/I35 -> #DIV/0! | M35: =SUM(M15:M33) -> 0 | N35: =O35*H35/I35 -> #DIV/0! | O35: =SUM(O15:O33) -> 0 | P35: =Q35*H35/I35 -> #DIV/0! | Q35: =SUM(Q15:Q33) -> 0
A36: ACUMULADO | J36: =(K36*H35)/I35 -> #DIV/0! | K36: =K35 -> 0 | L36: =(M36*H35)/I35 -> #DIV/0! | M36: =K36+M35 -> 0 | N36: =(O36*H35)/I35 -> #DIV/0! | O36: =M36+O35 -> 0 | P36: =(Q36*H35)/I35 -> #DIV/0! | Q36: =O36+Q35 -> 0
K41: Resp. Téc.
K42: Cargo - n° registro
D46: PREFEITURA MUNICIPAL DE NOVA ESPERANÇA DO SUL
D47: SECRETARIA DE OBRAS, HABITAÇÃO E SERVIÇOS URBANOS
U50: PAGINA 2
A51: CRONOGRAMA FÍSICO FINANCEIRO
A53: OBRA: PAVIMENTAÇÃO COM BLOCOS INTERTRAVADOS DE CONCRETO | L53: MODALIDADE N°: | N53: XXX/ XX
A54: LOCAL: ZONA URBANA, NOVA ESPERANÇA DO SUL/RS
A55: DATA:
H57: PREVISTO | J57: MÊS 5 | L57: MÊS 6 | N57: MÊS 7 | P57: MÊS 8
A58: ITEM | B58: DESCRIÇÃO | H58: % | I58: VALOR | J58: % | K58: VALOR | L58: % | M58: VALOR | N58: % | O58: VALOR | P58: % | Q58: VALOR
A59: 1 | B59: ='Orçamento Modelo'!D$15 -> RUA DALTRO LUIZ TUZI | H59: =(I59*100)/I$35 -> #DIV/0! | I59: ='Orçamento Modelo'!M$15 -> 0 | K59: =ROUND(I59*J59/100,2) -> 0 | M59: =ROUND(I59*L59/100,2) -> 0 | O59: =ROUND(I59*N59/100,2) -> 0 | Q59: =ROUND(I59*P59/100,2) -> 0
A60: 2 | B60: ='Orçamento Modelo'!D$27 -> RUA ANITA TOCHETTO FRIZZO | H60: =(I60*100)/I$35 -> #DIV/0! | I60: ='Orçamento Modelo'!M$27 -> 0 | K60: =ROUND(I60*J60/100,2) -> 0 | M60: =ROUND(I60*L60/100,2) -> 0 | O60: =ROUND(I60*N60/100,2) -> 0 | Q60: =ROUND(I60*P60/100,2) -> 0
A61: 3 | B61: ='Orçamento Modelo'!D$38 -> RUA ANTONIO GUASSO | H61: =(I61*100)/I$35 -> #DIV/0! | I61: ='Orçamento Modelo'!M$38 -> 0 | K61: =ROUND(I61*J61/100,2) -> 0 | M61: =ROUND(I61*L61/100,2) -> 0 | O61: =ROUND(I61*N61/100,2) -> 0 | Q61: =ROUND(I61*P61/100,2) -> 0
A62: 4 | B62: ='Orçamento Modelo'!D$49 -> RUA ALEXANDRE MANENTI | H62: =(I62*100)/I$35 -> #DIV/0! | I62: ='Orçamento Modelo'!M$49 -> 0 | K62: =ROUND(I62*J62/100,2) -> 0 | M62: =ROUND(I62*L62/100,2) -> 0 | O62: =ROUND(I62*N62/100,2) -> 0 | Q62: =ROUND(I62*P62/100,2) -> 0
A63: 5 | B63: ='Orçamento Modelo'!D$61 -> RUA PIETRO ERCOLANI | H63: =(I63*100)/I$35 -> #DIV/0! | I63: ='Orçamento Modelo'!M$61 -> 0 | K63: =ROUND(I63*J63/100,2) -> 0 | M63: =ROUND(I63*L63/100,2) -> 0 | O63: =ROUND(I63*N63/100,2) -> 0 | Q63: =ROUND(I63*P63/100,2) -> 0
A64: 6 | B64: ='Orçamento Modelo'!D$72 -> RUA VALDENIR VICENTE GAVIOLI | H64: =(I64*100)/I$35 -> #DIV/0! | I64: ='Orçamento Modelo'!M$72 -> 0 | K64: =ROUND(I64*J64/100,2) -> 0 | M64: =ROUND(I64*L64/100,2) -> 0 | O64: =ROUND(I64*N64/100,2) -> 0 | Q64: =ROUND(I64*P64/100,2) -> 0
A65: 7 | B65: ='Orçamento Modelo'!D$84 -> RUA EMANCIPAÇÃO | H65: =(I65*100)/I$35 -> #DIV/0! | I65: ='Orçamento Modelo'!M$84 -> 0 | K65: =ROUND(I65*J65/100,2) -> 0 | M65: =ROUND(I65*L65/100,2) -> 0 | O65: =ROUND(I65*N65/100,2) -> 0 | Q65: =ROUND(I65*P65/100,2) -> 0
A66: 8 | B66: ='Orçamento Modelo'!D$98 -> RUA JOÃO GIODA | H66: =(I66*100)/I$35 -> #DIV/0! | I66: ='Orçamento Modelo'!M$98 -> 0 | K66: =ROUND(I66*J66/100,2) -> 0 | M66: =ROUND(I66*L66/100,2) -> 0 | O66: =ROUND(I66*N66/100,2) -> 0 | Q66: =ROUND(I66*P66/100,2) -> 0
A67: 9 | B67: ='Orçamento Modelo'!D$110 -> RUA GIOVANA LOVATO VIELMO | H67: =(I67*100)/I$35 -> #DIV/0! | I67: ='Orçamento Modelo'!M$110 -> 0 | K67: =ROUND(I67*J67/100,2) -> 0 | M67: =ROUND(I67*L67/100,2) -> 0 | O67: =ROUND(I67*N67/100,2) -> 0 | Q67: =ROUND(I67*P67/100,2) -> 0
A68: 10 | B68: ='Orçamento Modelo'!D$121 -> RUA EUCLIDES DA CUNHA | H68: =(I68*100)/I$35 -> #DIV/0! | I68: ='Orçamento Modelo'!M$121 -> 0 | K68: =ROUND(I68*J68/100,2) -> 0 | M68: =ROUND(I68*L68/100,2) -> 0 | O68: =ROUND(I68*N68/100,2) -> 0 | Q68: =ROUND(I68*P68/100,2) -> 0
A69: 11 | B69: ='Orçamento Modelo'!D$132 -> PEDRO DELEVATI SOBRINHO | H69: =(I69*100)/I$35 -> #DIV/0! | I69: ='Orçamento Modelo'!M$132 -> 0 | K69: =ROUND(I69*J69/100,2) -> 0 | M69: =ROUND(I69*L69/100,2) -> 0 | O69: =ROUND(I69*N69/100,2) -> 0 | Q69: =ROUND(I69*P69/100,2) -> 0
A70: 12 | B70: ='Orçamento Modelo'!D$138 -> ALADINO BUZATA | H70: =(I70*100)/I$35 -> #DIV/0! | I70: ='Orçamento Modelo'!M$138 -> 0 | K70: =ROUND(I70*J70/100,2) -> 0 | M70: =ROUND(I70*L70/100,2) -> 0 | O70: =ROUND(I70*N70/100,2) -> 0 | Q70: =ROUND(I70*P70/100,2) -> 0
A71: 13 | B71: ='Orçamento Modelo'!D$150 -> PEDRO MINOSSO | H71: =(I71*100)/I$35 -> #DIV/0! | I71: ='Orçamento Modelo'!M$150 -> 0 | K71: =ROUND(I71*J71/100,2) -> 0 | M71: =ROUND(I71*L71/100,2) -> 0 | O71: =ROUND(I71*N71/100,2) -> 0 | Q71: =ROUND(I71*P71/100,2) -> 0
A72: 14 | B72: ='Orçamento Modelo'!D$156 -> JOÃO VIELMO | H72: =(I72*100)/I$35 -> #DIV/0! | I72: ='Orçamento Modelo'!M$156 -> 0 | K72: =ROUND(I72*J72/100,2) -> 0 | M72: =ROUND(I72*L72/100,2) -> 0 | O72: =ROUND(I72*N72/100,2) -> 0 | Q72: =ROUND(I72*P72/100,2) -> 0
A73: 15 | B73: ='Orçamento Modelo'!D$167 -> JOSÉ ANGONESE | H73: =(I73*100)/I$35 -> #DIV/0! | I73: ='Orçamento Modelo'!M$167 -> 0 | K73: =ROUND(I73*J73/100,2) -> 0 | M73: =ROUND(I73*L73/100,2) -> 0 | O73: =ROUND(I73*N73/100,2) -> 0 | Q73: =ROUND(I73*P73/100,2) -> 0
A74: 16 | B74: ='Orçamento Modelo'!D$178 -> ANTONIO DELEVATI | H74: =(I74*100)/I$35 -> #DIV/0! | I74: ='Orçamento Modelo'!M$178 -> 0 | K74: =ROUND(I74*J74/100,2) -> 0 | M74: =ROUND(I74*L74/100,2) -> 0 | O74: =ROUND(I74*N74/100,2) -> 0 | Q74: =ROUND(I74*P74/100,2) -> 0
A75: 17 | B75: ='Orçamento Modelo'!D$189 -> VALDECI CAETANO GUASSO | H75: =(I75*100)/I$35 -> #DIV/0! | I75: ='Orçamento Modelo'!M$189 -> 0 | K75: =ROUND(I75*J75/100,2) -> 0 | M75: =ROUND(I75*L75/100,2) -> 0 | O75: =ROUND(I75*N75/100,2) -> 0 | Q75: =ROUND(I75*P75/100,2) -> 0
A76: 18 | B76: ='Orçamento Modelo'!D$195 -> PIETRO ERCOLANI TRECHO 2 | H76: =(I76*100)/I$35 -> #DIV/0! | I76: ='Orçamento Modelo'!M$195 -> 0 | K76: =ROUND(I76*J76/100,2) -> 0 | M76: =ROUND(I76*L76/100,2) -> 0 | O76: =ROUND(I76*N76/100,2) -> 0 | Q76: =ROUND(I76*P76/100,2) -> 0
A77: 19 | B77: ='Orçamento Modelo'!D$207 -> VALDECI CAETANO GUASSO | H77: =(I77*100)/I$35 -> #DIV/0! | I77: ='Orçamento Modelo'!M$207 -> 0 | K77: =ROUND(I77*J77/100,2) -> 0 | M77: =ROUND(I77*L77/100,2) -> 0 | O77: =ROUND(I77*N77/100,2) -> 0 | Q77: =ROUND(I77*P77/100,2) -> 0
A79: TOTAL | H79: =SUM(H59:H75) -> #DIV/0! | I79: =SUM(I59:I77) -> 0 | J79: =K79*H79/I79 -> #DIV/0! | K79: =SUM(K59:K77) -> 0 | L79: =M79*H79/I79 -> #DIV/0! | M79: =SUM(M59:M77) -> 0 | N79: =O79*H79/I79 -> #DIV/0! | O79: =SUM(O59:O77) -> 0 | P79: =Q79*H79/I79 -> #DIV/0! | Q79: =SUM(Q59:Q77) -> 0
A80: ACUMULADO | J80: =(K80*H79)/I79 -> #DIV/0! | K80: =K79+Q36 -> 0 | L80: =(M80*H79)/I79 -> #DIV/0! | M80: =K80+M79 -> 0 | N80: =(O80*H79)/I79 -> #DIV/0! | O80: =M80+O79 -> 0 | P80: =(Q80*H79)/I79 -> #DIV/0! | Q80: =O80+Q79 -> 0
K85: Resp. Téc.
K86: Cargo - n° registro
D90: PREFEITURA MUNICIPAL DE NOVA ESPERANÇA DO SUL
D91: SECRETARIA DE OBRAS, HABITAÇÃO E SERVIÇOS URBANOS
U94: PAGINA 3
A95: CRONOGRAMA FÍSICO FINANCEIRO
A97: OBRA: PAVIMENTAÇÃO COM BLOCOS INTERTRAVADOS DE CONCRETO | L97: MODALIDADE N°: | N97: XXX/ XX
A98: LOCAL: ZONA URBANA, NOVA ESPERANÇA DO SUL/RS
A99: DATA:
H101: PREVISTO | J101: MÊS 9 | L101: MÊS 10 | N101: MÊS 11 | P101: MÊS 12
A102: ITEM | B102: DESCRIÇÃO | H102: % | I102: VALOR | J102: % | K102: VALOR | L102: % | M102: VALOR | N102: % | O102: VALOR | P102: % | Q102: VALOR
A103: 1 | B103: ='Orçamento Modelo'!D$15 -> RUA DALTRO LUIZ TUZI | H103: =(I103*100)/I$35 -> #DIV/0! | I103: ='Orçamento Modelo'!M$15 -> 0 | K103: =ROUND(I103*J103/100,2) -> 0 | M103: =ROUND(I103*L103/100,2) -> 0 | O103: =ROUND(I103*N103/100,2) -> 0 | Q103: =ROUND(I103*P103/100,2) -> 0
A104: 2 | B104: ='Orçamento Modelo'!D$27 -> RUA ANITA TOCHETTO FRIZZO | H104: =(I104*100)/I$35 -> #DIV/0! | I104: ='Orçamento Modelo'!M$27 -> 0 | K104: =ROUND(I104*J104/100,2) -> 0 | M104: =ROUND(I104*L104/100,2) -> 0 | O104: =ROUND(I104*N104/100,2) -> 0 | Q104: =ROUND(I104*P104/100,2) -> 0
A105: 3 | B105: ='Orçamento Modelo'!D$38 -> RUA ANTONIO GUASSO | H105: =(I105*100)/I$35 -> #DIV/0! | I105: ='Orçamento Modelo'!M$38 -> 0 | K105: =ROUND(I105*J105/100,2) -> 0 | M105: =ROUND(I105*L105/100,2) -> 0 | O105: =ROUND(I105*N105/100,2) -> 0 | Q105: =ROUND(I105*P105/100,2) -> 0
A106: 4 | B106: ='Orçamento Modelo'!D$49 -> RUA ALEXANDRE MANENTI | H106: =(I106*100)/I$35 -> #DIV/0! | I106: ='Orçamento Modelo'!M$49 -> 0 | K106: =ROUND(I106*J106/100,2) -> 0 | M106: =ROUND(I106*L106/100,2) -> 0 | O106: =ROUND(I106*N106/100,2) -> 0 | Q106: =ROUND(I106*P106/100,2) -> 0
A107: 5 | B107: ='Orçamento Modelo'!D$61 -> RUA PIETRO ERCOLANI | H107: =(I107*100)/I$35 -> #DIV/0! | I107: ='Orçamento Modelo'!M$61 -> 0 | K107: =ROUND(I107*J107/100,2) -> 0 | M107: =ROUND(I107*L107/100,2) -> 0 | O107: =ROUND(I107*N107/100,2) -> 0 | Q107: =ROUND(I107*P107/100,2) -> 0
A108: 6 | B108: ='Orçamento Modelo'!D$72 -> RUA VALDENIR VICENTE GAVIOLI | H108: =(I108*100)/I$35 -> #DIV/0! | I108: ='Orçamento Modelo'!M$72 -> 0 | K108: =ROUND(I108*J108/100,2) -> 0 | M108: =ROUND(I108*L108/100,2) -> 0 | O108: =ROUND(I108*N108/100,2) -> 0 | Q108: =ROUND(I108*P108/100,2) -> 0
A109: 7 | B109: ='Orçamento Modelo'!D$84 -> RUA EMANCIPAÇÃO | H109: =(I109*100)/I$35 -> #DIV/0! | I109: ='Orçamento Modelo'!M$84 -> 0 | K109: =ROUND(I109*J109/100,2) -> 0 | M109: =ROUND(I109*L109/100,2) -> 0 | O109: =ROUND(I109*N109/100,2) -> 0 | Q109: =ROUND(I109*P109/100,2) -> 0
A110: 8 | B110: ='Orçamento Modelo'!D$98 -> RUA JOÃO GIODA | H110: =(I110*100)/I$35 -> #DIV/0! | I110: ='Orçamento Modelo'!M$98 -> 0 | K110: =ROUND(I110*J110/100,2) -> 0 | M110: =ROUND(I110*L110/100,2) -> 0 | O110: =ROUND(I110*N110/100,2) -> 0 | Q110: =ROUND(I110*P110/100,2) -> 0
A111: 9 | B111: ='Orçamento Modelo'!D$110 -> RUA GIOVANA LOVATO VIELMO | H111: =(I111*100)/I$35 -> #DIV/0! | I111: ='Orçamento Modelo'!M$110 -> 0 | K111: =ROUND(I111*J111/100,2) -> 0 | M111: =ROUND(I111*L111/100,2) -> 0 | O111: =ROUND(I111*N111/100,2) -> 0 | Q111: =ROUND(I111*P111/100,2) -> 0
A112: 10 | B112: ='Orçamento Modelo'!D$121 -> RUA EUCLIDES DA CUNHA | H112: =(I112*100)/I$35 -> #DIV/0! | I112: ='Orçamento Modelo'!M$121 -> 0 | K112: =ROUND(I112*J112/100,2) -> 0 | M112: =ROUND(I112*L112/100,2) -> 0 | O112: =ROUND(I112*N112/100,2) -> 0 | Q112: =ROUND(I112*P112/100,2) -> 0
A113: 11 | B113: ='Orçamento Modelo'!D$132 -> PEDRO DELEVATI SOBRINHO | H113: =(I113*100)/I$35 -> #DIV/0! | I113: ='Orçamento Modelo'!M$132 -> 0 | K113: =ROUND(I113*J113/100,2) -> 0 | M113: =ROUND(I113*L113/100,2) -> 0 | O113: =ROUND(I113*N113/100,2) -> 0 | Q113: =ROUND(I113*P113/100,2) -> 0
A114: 12 | B114: ='Orçamento Modelo'!D$138 -> ALADINO BUZATA | H114: =(I114*100)/I$35 -> #DIV/0! | I114: ='Orçamento Modelo'!M$138 -> 0 | K114: =ROUND(I114*J114/100,2) -> 0 | M114: =ROUND(I114*L114/100,2) -> 0 | O114: =ROUND(I114*N114/100,2) -> 0 | Q114: =ROUND(I114*P114/100,2) -> 0
A115: 13 | B115: ='Orçamento Modelo'!D$150 -> PEDRO MINOSSO | H115: =(I115*100)/I$35 -> #DIV/0! | I115: ='Orçamento Modelo'!M$150 -> 0 | K115: =ROUND(I115*J115/100,2) -> 0 | M115: =ROUND(I115*L115/100,2) -> 0 | O115: =ROUND(I115*N115/100,2) -> 0 | Q115: =ROUND(I115*P115/100,2) -> 0
A116: 14 | B116: ='Orçamento Modelo'!D$156 -> JOÃO VIELMO | H116: =(I116*100)/I$35 -> #DIV/0! | I116: ='Orçamento Modelo'!M$156 -> 0 | K116: =ROUND(I116*J116/100,2) -> 0 | M116: =ROUND(I116*L116/100,2) -> 0 | O116: =ROUND(I116*N116/100,2) -> 0 | Q116: =ROUND(I116*P116/100,2) -> 0
A117: 15 | B117: ='Orçamento Modelo'!D$167 -> JOSÉ ANGONESE | H117: =(I117*100)/I$35 -> #DIV/0! | I117: ='Orçamento Modelo'!M$167 -> 0 | K117: =ROUND(I117*J117/100,2) -> 0 | M117: =ROUND(I117*L117/100,2) -> 0 | O117: =ROUND(I117*N117/100,2) -> 0 | Q117: =ROUND(I117*P117/100,2) -> 0
A118: 16 | B118: ='Orçamento Modelo'!D$178 -> ANTONIO DELEVATI | H118: =(I118*100)/I$35 -> #DIV/0! | I118: ='Orçamento Modelo'!M$178 -> 0 | K118: =ROUND(I118*J118/100,2) -> 0 | M118: =ROUND(I118*L118/100,2) -> 0 | O118: =ROUND(I118*N118/100,2) -> 0 | Q118: =ROUND(I118*P118/100,2) -> 0
A119: 17 | B119: ='Orçamento Modelo'!D$189 -> VALDECI CAETANO GUASSO | H119: =(I119*100)/I$35 -> #DIV/0! | I119: ='Orçamento Modelo'!M$189 -> 0 | K119: =ROUND(I119*J119/100,2) -> 0 | M119: =ROUND(I119*L119/100,2) -> 0 | O119: =ROUND(I119*N119/100,2) -> 0 | Q119: =ROUND(I119*P119/100,2) -> 0
A120: 18 | B120: ='Orçamento Modelo'!D$195 -> PIETRO ERCOLANI TRECHO 2 | H120: =(I120*100)/I$35 -> #DIV/0! | I120: ='Orçamento Modelo'!M$195 -> 0 | K120: =ROUND(I120*J120/100,2) -> 0 | M120: =ROUND(I120*L120/100,2) -> 0 | O120: =ROUND(I120*N120/100,2) -> 0 | Q120: =ROUND(I120*P120/100,2) -> 0
A121: 19 | B121: ='Orçamento Modelo'!D$207 -> VALDECI CAETANO GUASSO | H121: =(I121*100)/I$35 -> #DIV/0! | I121: ='Orçamento Modelo'!M$207 -> 0 | K121: =ROUND(I121*J121/100,2) -> 0 | M121: =ROUND(I121*L121/100,2) -> 0 | O121: =ROUND(I121*N121/100,2) -> 0 | Q121: =ROUND(I121*P121/100,2) -> 0
A123: TOTAL | H123: =SUM(H103:H121) -> #DIV/0! | I123: =SUM(I103:I121) -> 0 | J123: =K123*H123/I123 -> #DIV/0! | K123: =SUM(K103:K121) -> 0 | L123: =M123*H123/I123 -> #DIV/0! | M123: =SUM(M103:M121) -> 0 | N123: =O123*H123/I123 -> #DIV/0! | O123: =SUM(O103:O121) -> 0 | P123: =Q123*H123/I123 -> #DIV/0! | Q123: =SUM(Q103:Q121) -> 0
A124: ACUMULADO | J124: =(K124*H123)/I123 -> #DIV/0! | K124: =K123+Q80 -> 0 | L124: =(M124*H123)/I123 -> #DIV/0! | M124: =K124+M123 -> 0 | N124: =(O124*H123)/I123 -> #DIV/0! | O124: =M124+O123 -> 0 | P124: =(Q124*H123)/I123 -> #DIV/0! | Q124: =O124+Q123 -> 0
K129: Resp. Téc.
K130: Cargo - n° registro

Sheet BDI - PREENCHIMENTO
B1: Município | C1: Nova Esperança do Sul
B2: Obra: | C2: Pavimentação com blocos intertravados de concreto
A4: CÁLCULO B.D.I. (NOVA REGRA) | O4: BDI | R4: ADM | U4: SEGURO E GARANTIA | X4: RISCO | AA4: DESPESAS | AD4: LUCRO
O5: 1 Q | P5: MEDIO | Q5: 3 Q | R5: 1 Q | S5: MEDIO | T5: 3 Q | U5: 1 Q | V5: MEDIO | W5: 3 Q | X5: 1 Q | Y5: MEDIO | Z5: 3 Q | AA5: 1 Q | AB5: MEDIO | AC5: 3 Q | AD5: 1 Q | AE5: MEDIO | AF5: 3 Q
A6: ONERADO | D6: x | E6: Considerada tributação integral
A7: DESONERADO | E7: Reduzido 2% da tributação para enquadrar
N8: CONSTRUÇÃO DE EDIFÍCIOS | O8: 0.2034 | P8: 0.2212 | Q8: 0.25 | R8: 0.03 | S8: 0.04 | T8: 0.055 | U8: 0.008 | V8: 0.008 | W8: 0.01 | X8: 0.0097 | Y8: 0.0127 | Z8: 0.0127 | AA8: 0.0059 | AB8: 0.0123 | AC8: 0.0139 | AD8: 0.0616 | AE8: 0.074 | AF8: 0.0896
B9: TIPO DE OBRA
B10: CONSTRUÇÃO DE EDIFÍCIOS | N10: CONSTRUÇÃO DE RODOVIAS E FERROVIAS | O10: 0.196 | P10: 0.2097 | Q10: 0.2423 | R10: 0.038 | S10: 0.0401 | T10: 0.0467 | U10: 0.0032 | V10: 0.004 | W10: 0.0074 | X10: 0.005 | Y10: 0.0056 | Z10: 0.0097 | AA10: 0.0102 | AB10: 0.0111 | AC10: 0.0121 | AD10: 0.0664 | AE10: 0.073 | AF10: 0.0869
B11: CONSTRUÇÃO DE RODOVIAS E FERROVIAS | G11: x | N11: CONSTRUÇÃO DE REDES DE ABASTECIMENTO DE ÁGUA, COLETA DE ESGOTO E CONSTRUÇÕES CORRELATAS | O11: 0.2076 | P11: 0.2418 | Q11: 0.2644 | R11: 0.0343 | S11: 0.0493 | T11: 0.0671 | U11: 0.0028 | V11: 0.0049 | W11: 0.0075 | X11: 0.01 | Y11: 0.0139 | Z11: 0.0174 | AA11: 0.0094 | AB11: 0.0099 | AC11: 0.0117 | AD11: 0.0674 | AE11: 0.0804 | AF11: 0.094
B12: CONSTRUÇÃO DE REDES DE ABASTECIMENTO DE ÁGUA, COLETA DE ESGOTO E CONSTRUÇÕES CORRELATAS | N12: CONSTRUÇÃO E MANUTENÇÃO DE ESTAÇÕES E REDES DE DISTRIBUIÇÃO DE ENERGIA ELÉTRICA | O12: 0.24 | P12: 0.2584 | Q12: 0.2786 | R12: 0.0529 | S12: 0.0592 | T12: 0.0793 | U12: 0.0025 | V12: 0.0051 | W12: 0.0056 | X12: 0.01 | Y12: 0.0148 | Z12: 0.0197 | AA12: 0.0101 | AB12: 0.0107 | AC12: 0.0111 | AD12: 0.08 | AE12: 0.0831 | AF12: 0.0951
B13: CONSTRUÇÃO E MANUTENÇÃO DE ESTAÇÕES E REDES DE DISTRIBUIÇÃO DE ENERGIA ELÉTRICA | N13: OBRAS PORTUÁRIAS, MARÍTIMAS E FLUVIAIS | O13: 0.228 | P13: 0.2748 | Q13: 0.3095 | R13: 0.04 | S13: 0.0552 | T13: 0.0785 | U13: 0.0081 | V13: 0.0122 | W13: 0.0199 | X13: 0.0146 | Y13: 0.0232 | Z13: 0.0316 | AA13: 0.0094 | AB13: 0.0102 | AC13: 0.0133 | AD13: 0.0714 | AE13: 0.084 | AF13: 0.1043
B14: OBRAS PORTUÁRIAS, MARÍTIMAS E FLUVIAIS | N14: FORNECIMENTO DE MATERIAIS E EQUIPAMENTOS | O14: 0.111 | P14: 0.1402 | Q14: 0.168 | R14: 0.015 | S14: 0.0345 | T14: 0.0449 | U14: 0.003 | V14: 0.0048 | W14: 0.0082 | X14: 0.0056 | Y14: 0.0085 | Z14: 0.0089 | AA14: 0.0085 | AB14: 0.0085 | AC14: 0.0111 | AD14: 0.035 | AE14: 0.0511 | AF14: 0.0622
B15: FORNECIMENTO DE MATERIAIS E EQUIPAMENTOS
B18: CÁLCULO DO BDI | E18: VALORES BASE
E19: 1 QUARTIL | F19: MÉDIO | G19: 3 QUARTIL
B20: Administração Central | D20: 0.04 | E20: =IF($C$30="","",(VLOOKUP($C$30,$N$8:$AF$14,5,0))) -> 0.038 | F20: =IF($C$30="","",VLOOKUP($C$30,$N$8:$AF$14,6,0)) -> 0.0401 | G20: =IF($C$30="","",VLOOKUP($C$30,$N$8:$AF$14,7,0)) -> 0.0467 | N20: =IF(D20<E20,1,IF(D20>G20,1,0)) -> 0
B21: Seguro e Garantia | D21: 0.0052 | E21: =IF($C$30="","",VLOOKUP($C$30,$N$8:$AF$14,8,0)) -> 0.0032 | F21: =IF($C$30="","",VLOOKUP($C$30,$N$8:$AF$14,9,0)) -> 0.004 | G21: =IF($C$30="","",VLOOKUP($C$30,$N$8:$AF$14,10,0)) -> 0.0074 | N21: =IF(D21<E21,1,IF(D21>G21,1,0)) -> 0 | AK21: TRIBUTOS
B22: Risco | D22: 0.005 | E22: =IF($C$30="","",VLOOKUP($C$30,$N$8:$AF$14,11,0)) -> 0.005 | F22: =IF($C$30="","",VLOOKUP($C$30,$N$8:$AF$14,12,0)) -> 0.0056 | G22: =IF($C$30="","",VLOOKUP($C$30,$N$8:$AF$14,13,0)) -> 0.0097 | N22: =IF(D22<E22,1,IF(D22>G22,1,0)) -> 0 | AK22: PIS | AL22: 0.65
B23: Despesas Financeiras | D23: 0.011 | E23: =IF($C$30="","",VLOOKUP($C$30,$N$8:$AF$14,14,0)) -> 0.0102 | F23: =IF($C$30="","",VLOOKUP($C$30,$N$8:$AF$14,15,0)) -> 0.0111 | G23: =IF($C$30="","",VLOOKUP($C$30,$N$8:$AF$14,16,0)) -> 0.0121 | N23: =IF(D23<E23,1,IF(D23>G23,1,0)) -> 0 | AK23: COFINS | AL23: 3
B24: Lucro | D24: 0.0785 | E24: =IF($C$30="","",VLOOKUP($C$30,$N$8:$AF$14,17,0)) -> 0.0664 | F24: =IF($C$30="","",VLOOKUP($C$30,$N$8:$AF$14,18,0)) -> 0.073 | G24: =IF($C$30="","",VLOOKUP($C$30,$N$8:$AF$14,19,0)) -> 0.0869 | N24: =IF(D24<E24,1,IF(D24>G24,1,0)) -> 0 | AK24: ISSQN Lei Municipal 811/2003 (Código Tributário Municipal) | AL24: 4
B25: Tributos (Preencher quadro ao lado) | D25: =AL27 -> 0.0765 | E25: =IF(D7="X","Tributos -2%","") | G25: =IF(D7="X",D25-0.02,"") | N25: =SUM(N20:N24) -> 0 | AK25: Sobre receita bruta (caso da desoneração) | AL25: =IF(D7="X",2,0) -> 0
B26: BDI | D26: =((((1+$D$20+$D$21+$D$22)*(1+$D$23)*(1+$D$24))/(1-$D$25))-1) -> 0.23995641 | E26: =IF(D7="X","BDI de enquadramento","") | G26: =IF(D7="X",((((1+$D$20+$D$21+$D$22)*(1+$D$23)*(1+$D$24))/(1-$G$25))-1),"")
AK27: TOTAL | AL27: =(AL25+AL24+AL23+AL22)/100 -> 0.0765
B29: VERIFICAÇÃO
B30: TIPO DE OBRA | C30: =IF(G10="x",B10,IF(G11="x",B11,IF(G12="x",B12,IF(G13="x",B13,IF(G14="x",B14,IF(G15="x",B15,"")))))) -> CONSTRUÇÃO DE RODOVIAS E FERROVIAS
B31: LIMITE MÍNIMO BDI | C31: =J31 -> 0.196 | J31: =IF($C$30="","",VLOOKUP($C$30,N8:Q14,2,0)) -> 0.196
B32: LIMITE MÁXIMO BDI | C32: =IF($C$30="","",VLOOKUP($C$30,N8:Q14,4,0)) -> 0.2423 | J32: =IF($C$30="","",VLOOKUP($C$30,N8:Q14,4,0)) -> 0.2423
B33: BDI CALCULADO | C33: =D26 -> 0.23995641 | N33: =IF(AND(C33>=C31,C33<=C32),"BDI ACEITO","BDI NÃO ACEITO") -> BDI ACEITO
B34: VERIFICAÇÃO | C34: =IF(D6="x",N33,IF(D7="x",N34,"")) -> BDI ACEITO | N34: =IF(AND(G26>=C31,G26<=C32),"BDI ACEITO","BDI NÃO ACEITO") -> BDI NÃO ACEITO
B37: PLANILHA NÃO HOMOLOGADA PELA CAIXA ECONÔMICA FEDERAL

Sheet BDI - Declaração modelo - imp.
A5: Declaramos, para devidos fins, que a composição analítica do BDI utilizada na
A6: Planilha Orçamentária proposta para a obra | C6: ='BDI - PREENCHIMENTO'!C2:G2 -> Pavimentação com blocos intertravados de concreto
A7: na cidade de | B7: ='BDI - PREENCHIMENTO'!C1 -> Nova Esperança do Sul | C7: / RS, foi:
B10: Composição Analítica BDI
B11: Administração Central (AC) | D11: ='BDI - PREENCHIMENTO'!D20 -> 0.04
B12: Seguro e Garantia (S + G) | D12: ='BDI - PREENCHIMENTO'!D21 -> 0.0052
B13: Risco (R) | D13: ='BDI - PREENCHIMENTO'!D22 -> 0.005
B14: Despesas Financeiras (DF) | D14: ='BDI - PREENCHIMENTO'!D23 -> 0.011
B15: Lucro (L) | D15: ='BDI - PREENCHIMENTO'!D24 -> 0.0785
B16: Tributos ( I ) | D16: ='BDI - PREENCHIMENTO'!AL27 -> 0.0765
B17: PIS | C17: ='BDI - PREENCHIMENTO'!AL22 -> 0.65
B18: COFINS | C18: ='BDI - PREENCHIMENTO'!AL23 -> 3
B19: =[1]Verificação!AK24 -> ISSQN Lei Municipal 811/2003 (Código Tributário Municipal) | C19: ='BDI - PREENCHIMENTO'!AL24 -> 4
B20: Sobre receita bruta (caso da desoneração) | C20: ='BDI - PREENCHIMENTO'!AL25 -> 0
B21: BDI total | D21: ='BDI - PREENCHIMENTO'!C33 -> 0.23995641
B24: Fórmula Acórdão 2622/2013 – TCU:
A30: OBS: | B30: O detalhamento de encargos sociais atende ao estabelecido no SINAPI - RS para mão-de-obra horista e mensalista
